Workbook
Name DatosExternos_1: 'Entidades Fiscalizadas'!$B$1:$B$219

Sheet datos
A1: FUENTES DE FINANCIAMIENTO
A2: 1. Recursos Fiscales
A3: 2. Financiamientos Internos
A4: 3. Financiamientos Externos
A5: 4. Ingresos Propios
A6: 5. Recursos Federales
A7: 6. Recursos Estatales
A8: 7. Otros Recursos

Sheet Entidades Fiscalizadas
A1: CLAVE | B1: NOMBRE
A3: 01-01 | B3: Puebla
A4: 07-01 | B4: San Martín Texmelucan
A5: 07-02 | B5: Chiautzingo
A6: 07-03 | B6: Huejotzingo
A7: 07-04 | B7: San Felipe Teotlalcingo
A8: 07-05 | B8: San Matías Tlalancaleca
A9: 07-06 | B9: San Salvador el Verde
A10: 07-07 | B10: Tlahuapan
A11: 08-01 | B11: San Pedro Cholula
A12: 08-02 | B12: Calpan
A13: 08-03 | B13: Coronango
... A248: 95-03 | B248: Rastro Regional Zacatlán-Chignahuapan

Sheet INVENTARIO 24-27 
A1: MUNICIPIO DE AMIXTLAN, PUEBLA
A2: RFC: MAP850101KU5
A3: INVENTARIO DE BIENES MUEBLES
A5: NO. | B5: NUMERO DE INVENARIO | C5: CODIGO DE LA RELACION QUE COMPONE EL PATRIMONIO | D5: CUENTA CONTABLE | E5: POLIZA | F5: DESCRIPCIÒN, MARCA, MODELO Y SERIE | G5: C.F.D.I. | H5: ESTADO FISICO | I5: DOCUMENTO QUE ACREDITA LA PROPIEDAD (C.F.D.I.) | J5: NOMBRE DEL RESPONSABLE | K5: UNIDAD ADMINISTRATIVA DEL RESGUARDANTE | L5: LUGAR FISICO DONDE SE LOCALIZA ESTE BIEN | M5: FECHA DE ADQUISICIÒN | N5: VALOR | O5: AUXILIARES
A6: 1 | B6: 0000001 5111-0000001 | C6: 0000001 5111-0000001 | D6: 1.2.4.1.1.1 | E6: D000000000 | F6: PORTA BANDERA COLOR MADERA | H6: REGULAR | I6: RECIBIDO DE LA ADMINISTRACIÒN 2021-2024 SIN NINGUN DOCUMENTO | J6: MTRA. BLANCA ESTELA JUAREZ BECERRA | K6: PRESIDENCIA | L6: PRESIDENCIA | M6: 14/10/2024 | N6: 1 | O6: 1
A7: 2 | B7: 0000002 5111-0000002 | C7: 0000002 5111-0000002 | D7: 1.2.4.1.1.1 | E7: D000000000 | F7: 9 SILLAS MEDALLON COLOR NEGRO | H7: REGULAR | I7: RECIBIDO DE LA ADMINISTRACIÒN 2021-2024 SIN NINGUN DOCUMENTO | J7: LEOBARDO VAZQUEZ REYES | K7: ALMACEN | L7: PRESIDENCIA | M7: 15/02/2015 | N7: 609.92 | O7: 1059.92
A8: 3 | B8: 0000003 5111-0000003 | C8: 0000003 5111-0000003 | D8: 1.2.4.1.1.1 | E8: D000000000 | F8: LIBRERO DE MADERA SIN MARCA 7 CUBICULOS COLOR MADERA | H8: REGULAR | I8: RECIBIDO DE LA ADMINISTRACIÒN 2021-2024 SIN NINGUN DOCUMENTO | J8: ARELI SANCHEZ VAZQUEZ | K8: REGISTRO CIVIL | L8: REGISTRO CIVIL | M8: 30/11/2011 | N8: 500 | O8: 750
A9: 4 | B9: 0000004 5111-0000004 | C9: 0000004 5111-0000004 | D9: 1.2.4.1.1.1 | E9: D000000000 | F9: ARCHIVERO 3 CAJONES COLOR NEGRO | H9: REGULAR | I9: RECIBIDO DE LA ADMINISTRACIÒN 2021-2024 SIN NINGUN DOCUMENTO | J9: MONTSERRAT CARRANZA MENDOZA | K9: SECRETARIA DEL AYUNTAMIENTO | L9: SECRETARIA DEL AYUNTAMIENTO | M9: 13/07/2012 | N9: 549.39 | O9: 824.09
A10: 5 | B10: 0000005 5111-0000005 | C10: 0000005 5111-0000005 | D10: 1.2.4.1.1.1 | E10: D000000000 | F10: ESCRITORIO CON 2 CAJONES DE MADERA COLOR CAOBA | H10: REGULAR | I10: RECIBIDO DE LA ADMINISTRACIÒN 2021-2024 SIN NINGUN DOCUMENTO | J10: JESSICA ALVAREZ HERNANDEZ | K10: CONTABILIDAD | L10: PRESIDENCIA | M10: 13/07/2012 | N10: 524.42 | O10: 786.63
A11: 6 | B11: 0000006 5111-0000006 | C11: 0000006 5111-0000006 | D11: 1.2.4.1.1.1 | E11: D000000000 | F11: LIBRERO DE MADERA ESTABAL 15 BUBICULOS COLOR MADERA | H11: REGULAR | I11: RECIBIDO DE LA ADMINISTRACIÒN 2021-2024 SIN NINGUN DOCUMENTO | J11: ARELI SANCHEZ VAZQUEZ | K11: REGISTRO CIVIL | L11: Registro Civil | M11: 29/06/2012 | N11: 566.69 | O11: 850.03
A12: 7 | B12: 0000007 5111-0000007 | C12: 0000007 5111-0000007 | D12: 1.2.4.1.1.1 | E12: D000000000 | F12: LIBRERO EMANUEL COLOR MADERA | H12: REGULAR | I12: RECIBIDO DE LA ADMINISTRACIÒN 2021-2024 SIN NINGUN DOCUMENTO | J12: ARELI SANCHEZ VAZQUEZ | K12: REGISTRO CIVIL | L12: Registro civil | M12: 14/10/2024 | N12: 356.71 | O12: 535.07
A13: 8 | B13: 0000008 5111-0000008 | C13: 0000008 5111-0000008 | D13: 1.2.4.1.1.1 | E13: D000000000 | F13: REGULADOR DE VOLTAJE KOBLENZ COLOR NEGRO | H13: REGULAR | I13: RECIBIDO DE LA ADMINISTRACIÒN 2021-2024 SIN NINGUN DOCUMENTO | J13: ARELI SANCHEZ VAZQUEZ | K13: REGISTRO CIVIL | L13: Registro civil | M13: 29/06/2012 | N13: 218 | O13: 327
A14: 9 | B14: 0000009 5111-0000009 | C14: 0000009 5111-0000009 | D14: 1.2.4.1.1.1 | E14: D000000000 | F14: TELEFONO ALAMBRICO | H14: MALO | I14: RECIBIDO DE LA ADMINISTRACIÒN 2021-2024 SIN NINGUN DOCUMENTO | J14: ANDRES PEREZ VAZQUEZ | K14: CONTRALORIA | L14: COMANDANCIA MUNICIPAL | M14: 12/06/2012 | N14: 66 | O14: 99 | Q14: 2215613885
A15: 10 | B15: 0000010 5111-0000010 | C15: 0000010 5111-0000010 | D15: 1.2.4.1.1.1 | E15: D000000000 | F15: SILLA DE PIEL COLOR COLOR NEGRO | H15: REGULAR | I15: RECIBIDO DE LA ADMINISTRACIÒN 2021-2024 SIN NINGUN DOCUMENTO | J15: YEYMY HERNANDEZ VAZQUEZ | K15: TRANSPARENCIA | L15: AREA DE TRANSPARENCIA | M15: 28/06/2012 | N15: 379.86 | O15: 569.79
A16: 11 | B16: 0000011 5111-0000011 2018/EO/12 | C16: 0000010 5111-0000011 | D16: 1.2.4.1.1.1 | E16: D000000000 | F16: SILLA EJECUTIVA COLOR NEGRO | H16: REGULAR | I16: RECIBIDO DE LA ADMINISTRACIÒN 2021-2024 C.F.D.I. 157 UUID, MARIA LUCERO BARRERA HERNANDEZ | J16: MARIA DEL ROSARIO CARMONA ZARAGOZA | K16: SISTEMA DIF MUNICIPAL | L16: SISTEMA DIF MUNICIPAL | M16: 13/03/2021 | N16: 321.86 | O16: 482.79
A17: 12 | B17: 0000012 5111-0000012 2018/EO/014 | C17: 0000010 5111-0000012 | D17: 1.2.4.1.1.1 | E17: D000000000 | F17: ESCRITORIO DE MADERA COLOR CAOBA | H17: REGULAR | I17: RECIBIDO DE LA ADMINISTRACIÒN 2021-2024 SIN NINGUN DOCUMENTO | J17: YEYMY HERNANDEZ VAZQUEZ | K17: TRANSPARENCIA | L17: AREA DE TRANSPARENCIA | M17: 13/03/2014 | N17: 524.86 | O17: 787.29
A18: 13 | B18: 0000013 5111-0000013 2020/EO/001 | C18: 0000010 5111-0000013 | D18: 1.2.4.1.1.1 | E18: D000000000 | F18: MODULO EJECUTIVO CONSISTENTE EN MESA ADUELADA BASE DE 220X100 COLOR NEGRO | G18: CFDI D334545 YESENIA DOPORTO FLORES | H18: REGULAR | I18: RECIBIDO DE LA ADMINISTRACIÒN 2021-2024 C.F.D.I. D334545 YESENIA DOPORTO FLORES | J18: VIRGINIA FRANCISCO GUZMAN | K18: TESORERÌA MUNICIPAL | L18: TESORERÌA MUNICIPAL | M18: 13/03/2014 | N18: 36540 | O18: 40600
A19: 14 | B19: 0000014 5111-0000014 2020EO/002 | C19: 0000010 5111-0000014 | D19: 1.2.4.1.1.1 | E19: D000000000 | F19: ESCRITORIO DE METAL Y MADERA CON 2 CAJONES, COLOR CAOBA | G19: F/BF49 MARCO ANTONIO MARQUEZ MANZANO | H19: REGULAR | I19: RECIBIDO DE LA ADMINISTRACIÒN 2021-2024 C.F.D.I. BF49 MARCO ANTONIO MARQUEZ MANZANO | J19: VERONICA VAZQUEZ CARPIO | K19: RECAUDACION IMPUESTO PREDIAL | L19: IMPUESTO PREDIAL | M19: 25/03/2020 | N19: 0
A20: 15 | B20: 0000015 5111-0000015 2021/EO/002 | C20: 0000015 5111-0000015 | D20: 1.2.4.1.1.1 | E20: D000000000 | F20: 48 SILLAS DE PLASTICO COLOR BLANCAS | G20: BF49 HORACIO DE JESUS ZENDEJAS RAMIREZ | H20: REGULAR | I20: RECIBIDO DE LA ADMINISTRACIÒN 2021-2024 C.F.D.I. BF49 HORACIO DE JESUS ZENDEJAS RAMIREZ | J20: LEOBARDO VAZQUEZ REYES | K20: ALMACEN | L20: Cubicoulo Contraloria | M20: 06/10/2020 | N20: 6625.92 | O20: 6681.6
A21: 16 | B21: 0000040 5111-0000040 | C21: 0000040 5111-0000040 | D21: 1.2.4.1.1.1 | E21: D000000000 | F21: 2 SILLAS VISTA COLOR NEGRA | G21: CFDI 157 MARIA LUCERO BARRERA HERNANDEZ | H21: REGULAR | I21: RECIBIDO DE LA ADMINISTRACIÒN 2021-2024 C.F.D.I. 157, MARIA LUCERO BARRERA HERNANDEZ | J21: MTRA. BLANCA ESTELA JUAREZ BECERRA | K21: PRESIDENCIA | L21: PRESIDENCIA | M21: 01/12/2021 | N21: 1670.4 | O21: 1856
A22: 17 | B22: 0000041 5111-0000041 | C22: 0000041 5111-0000041 | D22: 1.2.4.1.1.1 | E22: D000000000 | F22: ADQUISICIONES EJERCICIO 2020 | I22: RECIBIDO DE LA ADMINISTRACIÒN 2021-2024 SIN NINGUN DOCUMENTO | L22: Cubicoulo Contraloria | M22: 14/10/2024 | N22: 30276 | O22: 33640
A23: 18 | B23: 0000042 5111-0000042 | C23: 0000042 5111-0000042 | D23: 1.2.4.1.1.1 | E23: D000000000 | F23: IMPRESORA MULTIFUNCIONAL BROTHER COLOR NEGRO DCP-T720DWC | G23: F/2021 CLEOFAS VAZQUEZ VAZQUEZ | H23: REGULAR | I23: RECIBIDO DE LA ADMINISTRACIÒN 2021-2024 C.F.D.I. 2021 CLEOFAS VAZQUEZ VAZQUEZ | J23: ALEJANDRA GUZMAN CRUZ | K23: SISTEMA DIF MUNICIPAL | L23: SISTEMA DIF MUNICIPAL | M23: 14/10/2024 | N23: 8339.92 | O23: 8410
A24: 19 | B24: 0000060 5111-0000060 | C24: 0000060 5111-0000060 | D24: 1.2.4.1.1.1 | E24: D000000000 | F24: MULTIFUCIONAL BROTHER N/SERIE U65160L2H487008 COLOR NEGRO | G24: C.F.D.I. 1022 FOLIO UUID, PEPELERIA Y TACNOLOGIA | H24: REGULAR | I24: RECIBIDO DE LA ADMINISTRACIÒN 2021-2024 C.F.D.I. 1022 FOLIO UUID, PEPELERIA Y TACNOLOGIA DEVO | J24: EDWIN LECONA TREJO | K24: OBRAS PÙBLICAS | L24: AREA OBRAS PUBLICAS | M24: 31/12/2021 | N24: 24049.62 | O24: 24049.62
A25: 20 | B25: 0000061 5111-0000061 | C25: 0000061 5111-0000061 | D25: 1.2.4.1.1.1 | E25: D000000000 | F25: MULTIFUNCIONAL EPSON N/SERIE X8GP046251 COLOR NEGRO | G25: C.F.D.I. 1022 FOLIO UUID, PEPELERIA Y TACNOLOGIA | H25: REGULAR | I25: RECIBIDO DE LA ADMINISTRACIÒN 2021-2024 C.F.D.I. 1022 FOLIO UUID, PEPELERIA Y TACNOLOGIA DEVO | J25: YEYMY HERNANDEZ VAZQUEZ | K25: TRANSPARENCIA | L25: AREA DE TRANSPARENCIA | M25: 06/05/2023 | N25: 15658.62 | O25: 15658.62
A26: 21 | B26: 0000062 5111-0000062 | C26: 0000062 5111-0000062 | D26: 1.2.4.1.1.1 | E26: D000000000 | F26: ESCANER HP COLOR BLANCO | G26: C.F.D.I. 1022 FOLIO UUID, PEPELERIA Y TACNOLOGIA DEVO | H26: MALO | I26: RECIBIDO DE LA ADMINISTRACIÒN 2021-2024 C.F.D.I. 1022 FOLIO UUID, PEPELERIA Y TACNOLOGIA DEVO | J26: ANDRES PEREZ VAZQUEZ | K26: CONTRALORIA | L26: CONTRALORIA MUNICIPAL | M26: 09/05/2023 | N26: 20992.45 | O26: 20992.45
A27: 22 | B27: 0000051 5121-0000051 | C27: 0000051 5111-0000051 | D27: 1.2.4.1.2.1 | E27: D000000000 | F27: 2 MESAS DUNA PLEGABLE COLOR BLANCO | G27: C.F.D.I. 4920, CRISTAL RAMIREZ CARCAMO | H27: REGULAR | I27: RECIBIDO DE LA ADMINISTRACIÒN 2021-2024 C.F.D.I. 4920, CRISTAL RAMIREZ CARCAMO | J27: LEOBARDO VAZQUEZ REYES | K27: ALMACEN | L27: ALMACEN | M27: 04/02/2022 | N27: -37512.64 | O27: 5250
A28: 23 | B28: 0000054 5121-0000054 | C28: 0000054 5111-0000054 | D28: 1.2.4.1.2.1 | E28: D000000000 | F28: JUEGO DE CONSULTORIO COLOR NARANJA | G28: C.F.D.I. FQ 4698, GABRIEL RAYMUNDO MARTINEZ ARANDO | H28: REGULAR | I28: RECIBIDO DE LA ADMINISTRACIÒN 2021-2024 C.F.D.I. FQ 4698, GABRIEL RAYMUNDO MARTINEZ ARANDO | J28: NATALIA VAZQUEZ PEREZ | K28: DISPENSARIO MEDICO | L28: DISPENSARIO MEDICO | M28: 04/07/2022 | N28: 6758.82 | O28: 13100
A29: 24 | B29: 0000016 5151-0000016 2018/EC/001 | C29: 0000016 5111-0000016 | D29: 1.2.4.1.3.1 | E29: D000000000 | F29: EQUIPO DE COMPUTO HP N/SERIE CNC638087F COLOR NEGRO | H29: REGULAR | I29: RECIBIDO DE LA ADMINISTRACIÒN 2021-2024 SIN NINGUN DOCUMENTO | J29: JORGE HERRERO CALLEJA | K29: RECLUTAMIENTO MUNICIPAL | L29: RECLUTAMIENTO MUNICIPAL | M29: 28/02/2011 | N29: 1 | O29: 9750
A30: 25 | B30: 0000017 5151-0000017 2018/EC/002 | C30: 0000017 5111-0000017 | D30: 1.2.4.1.3.1 | E30: D000000000 | F30: IMPRESORA LASER JET COLOR NEGRO | H30: MALO | I30: RECIBIDO DE LA ADMINISTRACIÒN 2021-2024 SIN NINGUN DOCUMENTO | J30: ANDRES PEREZ VAZQUEZ | K30: CONTRALORIA | L30: CONTRALORIA MUNICIPAL | M30: 20/03/2011 | N30: 1 | O30: 8400
A31: 26 | B31: 0000018 5151-0000018 2018/EC/003 | C31: 0000018 5111-0000018 | D31: 1.2.4.1.3.1 | E31: D000000000 | F31: COMPUTADORA AIO PC 8CC8490LM2 COLOR NEGRO | H31: REGULAR | I31: RECIBIDO DE LA ADMINISTRACIÒN 2021-2024 SIN NINGUN DOCUMENTO | J31: JOSE ORLANDO ZARAGOZA BECERRA | K31: DESARROLLO RURAL | L31: DIRECCION DESARROLLO RURAL | M31: 15/05/2015 | N31: 0
A32: 27 | B32: 0000019 5151-0000019 2018/EC/004 | C32: 0000019 5111-0000019 | D32: 1.2.4.1.3.1 | E32: D000000000 | F32: MULTIFUNCIONAL EPSON IMPRESORA MULTICOLOR X4ER022107 | H32: MALO | I32: RECIBIDO DE LA ADMINISTRACIÒN 2021-2024 SIN NINGUN DOCUMENTO | J32: ANDRES PEREZ VAZQUEZ | K32: CONTRALORIA | L32: CONTRALORIA MUNICIPAL | M32: 19/12/2015 | N32: 1 | O32: 3890
A33: 28 | B33: 0000020 5111-0000020 2018/EC/005 | C33: 0000020 5111-0000020 | D33: 1.2.4.1.3.1 | E33: D000000000 | F33: MULTIFUNCIONAL LASER HP N/SERIE CNJ8G1Q5HB COLOR NEGRO | H33: REGULAR | I33: RECIBIDO DE LA ADMINISTRACIÒN 2021-2024 SIN NINGUN DOCUMENTO | J33: ARELI SANCHEZ VAZQUEZ | K33: REGISTRO CIVIL | L33: Registro civil | M33: 19/12/2015 | N33: 1 | O33: 3690
A34: 29 | B34: 0000021 5151-0000021 2018/EC/006 | C34: 0000021 5151-0000021 | D34: 1.2.4.1.3.1 | E34: D000000000 | F34: COMPUTADORA AIO PC 8CC82516X5 COLOR NEGRO | H34: MALO | I34: RECIBIDO DE LA ADMINISTRACIÒN 2021-2024 SIN NINGUN DOCUMENTO | J34: ANDRES PEREZ VAZQUEZ | K34: CONTRALORIA | L34: CONTRALORIA MUNICIPAL | M34: 13/09/2016 | N34: 1 | O34: 9990
A35: 30 | B35: 0000022 5151-0000022 2018/EC/007 | C35: 0000022 5151-0000022 | D35: 1.2.4.1.3.1 | E35: D000000000 | F35: COMPUTADORA HP DESKTOP N/SERIE 4CE4340KS5 COLOR NEGRO | H35: REGULAR | I35: RECIBIDO DE LA ADMINISTRACIÒN 2021-2024 SIN NINGUN DOCUMENTO | J35: RAFAEL GOMEZ DE LA CRUZ | K35: SEGURIDAD PÙBLICA | L35: SEGURIDAD PÙBLICA | M35: 14/09/2018 | N35: 1 | O35: 8317
A36: 31 | B36: 0000023 5111-0000023 2019/EC/004 | C36: 0000023 5111-0000023 | D36: 1.2.4.1.3.1 | E36: D000000000 | F36: DESKTOP AIO HP COLOR NEGRO | G36: F/15473 OFFICE DEPOT DE MEXICO S.A. DE CV | H36: MALO | I36: RECIBIDO DE LA ADMINISTRACIÒN 2021-2024 SIN NINGUN DOCUMENTO | J36: ANDRES PEREZ VAZQUEZ | K36: CONTRALORIA | L36: CONTRALORIA MUNICIPAL | M36: 14/10/2024 | N36: 2699.55 | O36: 8998.5
A37: 32 | B37: 0000024 5111-0000024 2019/EC/005 | C37: 0000024 5111-0000024 | D37: 1.2.4.1.3.1 | E37: D000000000 | F37: COMPUTADORA ALL IN ONE LENOVO YJ00TB9A COLOR BLANCO | G37: 15473 BEST BUY STORES S DE RL DE CV | H37: REGULAR | I37: RECIBIDO DE LA ADMINISTRACIÒN 2021-2024 C.F.D.I. 15473 BEST BUY STORES S DE RL DE CV | J37: VERONICA VAZQUEZ CARPIO | K37: RECAUDACION IMPUESTO PREDIAL | L37: TESORERIA MUNIPAL | M37: 14/10/2024 | N37: 2699.7 | O37: 8999
A38: 33 | B38: 0000025 5111-0000025 2020/EC/001 | C38: 0000025 5111-0000025 | D38: 1.2.4.1.3.1 | E38: D000000000 | F38: MULTIFUCIONAL LASSER JET PRO COLOR BLANCO | G38: HN21548 BEST BUY STORES S DE RL DE CV | H38: MALO | I38: RECIBIDO DE LA ADMINISTRACIÒN 2021-2024 SIN NINGUN DOCUMENTO | J38: ANDRES PEREZ VAZQUEZ | K38: CONTRALORIA | L38: CONTRALORIA MUNICIPAL | M38: 14/10/2024 | N38: 5969.4 | O38: 9949
A39: 34 | B39: 0000026 5111-0000026 2020/EC/002 | C39: 0000026 5111-0000026 | D39: 1.2.4.1.3.1 | E39: D000000000 | F39: COMPUTADORA DE ESCRITORIO DELL MODELO OPTIPLEX 7 LED 21.5 PLD E2216H SERIE 6605838002 COLOLR NEGRO | G39: F/A897 RAFAEL MONROY JIMENEZ | H39: REGULAR | I39: RECIBIDO DE LA ADMINISTRACIÒN 2021-2024 C.F.D.I. A897 RAFAEL MONROY JIMENEZ | J39: YEYMY HERNANDEZ VAZQUEZ | K39: TRANSPARENCIA | L39: AREA DE TRANSPARENCIA | M39: 14/10/2024 | N39: 8400 | O39: 14000
A40: 35 | B40: 0000027 5111-0000027 2021/EC/002 | C40: 0000027 5111-0000027 | D40: 1.2.4.1.3.1 | E40: D000000000 | F40: ESCANER HP COLOR BLANCO L2747-64001 | G40: F/B -8057 COMPUTADORES Y PORTATILES MARX SA DE CV | H40: REGULAR | I40: RECIBIDO DE LA ADMINISTRACIÒN 2021-2024 C.F.D.I. B -8057 COMPUTADORAS Y PORTATILES MARX SA DE CV | J40: ANDRES PEREZ VAZQUEZ | K40: CONTRALORIA MUNICIPAL | L40: CONTRALORIA MUNICIPAL | M40: 14/10/2024 | N40: 7750 | O40: 9300
A41: 36 | B41: 0000043 5111-0000043 | C41: 0000043 5111-0000043 | D41: 1.2.4.1.3.1 | E41: D000000000 | F41: ADQUISICIONES EJERCICIO 2019 | G41: F/157 MARIA LUCERO BARRERA HERNANDEZ | I41: RECIBIDO DE LA ADMINISTRACIÒN 2021-2024 SIN NINGUN DOCUMENTO | L41: CONTRALORIA MUNICIPAL | M41: 14/10/2024 | N41: 8700 | O41: 29000
A42: 37 | B42: 0000044 5111-0000044 2021/EC/002 | C42: 0000044 5111-0000044 | D42: 1.2.4.1.3.1 | E42: D000000000 | F42: LAPTOP HP PAVILION COLOR NEGRO | G42: 2116 CLEOFAS VAZQUEZ VAZQUEZ | H42: REGULAR | I42: RECIBIDO DE LA ADMINISTRACIÒN 2021-2024 C.F.D.I. 2116 CLEOFAS VAZQUEZ VAZQUEZ | J42: JESSICA ALVAREZ HERNANDEZ | K42: CONTABILIDAD | L42: CONTABILIDAD | M42: 14/10/2024 | N42: 9658 | O42: 19980
A43: 38 | B43: 0000045 5111-0000045 2021/EC/003 | C43: 0000045 5111-0000045 | D43: 1.2.4.1.3.1 | E43: D000000000 | F43: LAPTOP HP240 G7 PROCESADOR INTEL COLOR NEGRO | G43: 2115 CLEOFAS VAZQUEZ VAZQUEZ | H43: REGULAR | I43: RECIBIDO DE LA ADMINISTRACIÒN 2021-2024 C,D,F,I, 2115 CLAOFAS VAZQUEZ VAZQUEZ | J43: LUIS DIAZ VAZQUEZ | K43: REGISTRO CIVIL | L43: REGISTRO CIVIL | M43: 14/10/2024 | N43: 13533.34 | O43: 14000.01
A44: 39 | B44: 0000046 5111-0000046 2021/EC/004 | C44: 0000046 5111-0000046 | D44: 1.2.4.1.3.1 | E44: D000000000 | F44: LAPTOP HUAWEIEMATEBOOOK COLOR GRIS | G44: F/2114 CLEOFAS VAZQUEZ VAZQUEZ | H44: REGULAR | I44: RECIBIDO DE LA ADMINISTRACIÒN 2021-2024 C.F.D.I. 2114 CLEOFAS VAZQUEZ VAZQUEZ | J44: ANDRES PEREZ VAZQUEZ | K44: CONTRALORIA | L44: CONTRALORIA MUNICIPAL | M44: 31/12/2021 | N44: 13726.67 | O44: 14200
A45: 40 | B45: 0000050 5111-0000050 2019//EC/006 | C45: 0000050 5111-0000050 | D45: 1.2.4.1.3.1 | E45: D000000000 | F45: MULTIFUNCIONAL BROTHER MPC J6930DW COLOR NEGRO | G45: 15474 BEST BUY STORE S S DE RL DE CV | H45: MALO | I45: RECIBIDO DE LA ADMINISTRACIÒN 2021-2024 SIN NINGUN DOCUMENTO | J45: ANDRES PEREZ VAZQUEZ | K45: CONTRALORIA | L45: CONTRALORIA MUNICIPAL | M45: 14/10/2024 | N45: 1979.7 | O45: 6599
A46: 41 | B46: 0000052 5111-0000052 | C46: 0000052 5111-0000052 | D46: 1.2.4.1.3.1 | E46: D000000000 | F46: COMPUTADORA ALL IN ONE LENOVO 5 N° YJ01A914 COLOR NEGRO | H46: REGULAR | I46: RECIBIDO DE LA ADMINISTRACIÒN 2021-2024 C.F.D.I. CV2120, CLAOFAS VAZQUEZ VAZQUEZ | J46: ARELI SANCHEZ VAZQUEZ | K46: REGISTRO CIVIL | L46: REGISTRO CIVIL | M46: 29/04/2022 | N46: -23343.33 | O46: 31300
A47: 42 | B47: 0000053 5111-0000053 | C47: 0000053 5111-0000053 | D47: 1.2.4.1.3.1 | E47: D000000000 | F47: ALL IN ONE LENOVO 5 N/SERIE SYJ019GZW COLOR NEGRA | H47: REGULAR | I47: RECIBIDO DE LA ADMINISTRACIÒN 2021-2024 C.F.D.I. CV 2123, CLEOFAS VAZQUEZ VAZQUEZ | J47: DOMINGO SANTIAGO SALVADOR | K47: PRESIDENCIA AUXILIAR DE CUAUTOTOLA | L47: PRESIDENCIA AXULIAR DE CUAUTOTOLA | M47: 15/06/2022 | N47: 24421.39 | O47: 31900
A48: 43 | B48: 0000064 5111-0000064 | C48: 0000064 5111-0000064 | D48: 1.2.4.1.3.1 | E48: E080000038 | F48: LAPTOP ISUS VIVOBOOK COLOR AZUL | H48: MALO | I48: RECIBIDO DE LA ADMINISTRACIÒN 2021-2024 C.F.D.I. 2E8EA767D0F7 CLEOFAS VAZQUEZ VAZQUEZ | J48: ANDRES PEREZ VAZQUEZ | K48: CONTRALORIA MUNICIPAL | L48: SISTEMA DIF MUNICIPAL | M48: 20/08/2024 | N48: 16410 | O48: 16410
A49: 44 | B49: 0000055 5111-0000055 | C49: 0000055 5111-0000055 | D49: 1.2.4.1.9.1 | E49: D000000000 | F49: PROYECTOR EPSON XGA X06 N.S. V11H972021COLOR BLANCO | H49: REGULAR | I49: RECIBIDO DE LA ADMINISTRACIÒN 2021-2024 C.F.D.I. POSE75950921 OFFICE DEPOT DE MEXICO SA DE CV | J49: MTRA. BLANCA ESTELA JUAREZ BECERRA | K49: PRESIDENCIA | L49: PRESIDENCIA | M49: 04/07/2022 | N49: 14924.65 | O49: 14924.65
A50: 45 | B50: 0000057 5111-0000057 | C50: 0000057 5111-0000057 | D50: 1.2.4.1.9.1 | E50: D000000000 | F50: LIBRERO DE MADERA 3 REPISAS MADERA | G50: F DF37 VICTOR LOPEZ ESPINDOLA | H50: REGULAR | I50: RECIBIDO DE LA ADMINISTRACIÒN 2021-2024 C.F.D.I. DF37, VICTOR LOPEZ ESPINDOLA | J50: RAFAEL GOMEZ DE LA CRUZ | K50: SEGURIDAD PÙBLICA | L50: SEGURIDAD PÙBLICA | M50: 08/02/2023 | N50: 11600 | O50: 11600
A51: 46 | B51: 0000058 5111-0000058 | C51: 0000058 5111-0000058 | D51: 1.2.4.1.9.1 | E51: D000000000 | F51: ESCALERA DE EXTENCION 20 PELDAÑOS GRIS TRUPER | G51: REGULAR F/A-134 RODRIGO SANROMAN MARQUEZ | H51: RUGULAR | I51: RECIBIDO DE LA ADMINISTRACIÒN 2021-2024 A/134 RODRIGO SANROMAN MARQUEZ | J51: LEOBARDO VAZQUEZ REYES | K51: ALMACEN | L51: ALMACEN | M51: 09/06/2023 | N51: 5215 | O51: 5215
A52: 47 | B52: 0000028 5111-0000028 2019/EA/002 | C52: 0000028 5111-0000028 | D52: 1.2.4.2.1.1 | F52: SISTEMA DE 2 MICROFONOS INNALAMBRICOS COLOR NEGRO | G52: C.F.D.I 11707 PABELON ELECTRONICA 5 DE RL DE CV | H52: REGULAR | I52: RECIBIDO DE LA ADMINISTRACIÒN 2021-2024 C.F.D.I 11707 PABELON ELECTRONICA 5 DE RL DE CV | J52: LEOBARDO VAZQUEZ REYES | K52: ALMACEN | L52: ALMACEN | M52: 09/10/2019 | N52: 2098.2 | O52: 2690
A53: 48 | B53: 0000029 5111-0000029 2019/EA/004 | C53: 0000029 5111-0000029 | D53: 1.2.4.2.1.1 | F53: MEZCLADOR BEHRNGER 802 COLOR NEGRO | H53: REGULAR | I53: RECIBIDO DE LA ADMINISTRACIÒN 2021-2024 SIN NINGUN DOCUMENTO | J53: LEOBARDO VAZQUEZ REYES | K53: ALMACEN | L53: ALMACEN | M53: 03/11/2019 | N53: 1719.2 | O53: 2149
A54: 49 | B54: 0000030 5111-0000030 2021/EA/001 | C54: 0000030 5111-0000030 | D54: 1.2.4.2.1.1 | F54: MEZCLADORA DE 8 CANALES COLOR NEGRO | G54: C.F.D.I 4904 CRISTAL RAMIREZ CARCAMO | H54: REGULAR | I54: RECIBIDO DE LA ADMINISTRACIÒN 2021-2024 C.F.D.I 4904 CRISTAL RAMIREZ CARCAMO | J54: LEOBARDO VAZQUEZ REYES | K54: ALMACEN | L54: ALMACEN | M54: 14/10/2024 | N54: 4363.33 | O54: 4400
A55: 50 | B55: 0000047 5111-0000047 2019/EA/001 | C55: 0000047 5111-0000047 | D55: 1.2.4.2.1.1 | F55: SISTEMA DE AUDIO TRIAMP BAFLE Y 2 BOCINAS COLOR NEGRO | H55: REGULAR | I55: RECIBIDO DE LA ADMINISTRACIÒN 2021-2024 C.F.D.I 157 MARIA LUCERO BARRERA HERNANDEZ | J55: LEOBARDO VAZQUEZ REYES | K55: ALMACEN | L55: ALMACEN | M55: 23/04/2019 | N55: 41388.48 | O55: 57484
A56: 51 | B56: 0000031 5111-0000031 2018/ET/001 | C56: 0000031 5111-0000031 | D56: 1.2.4.4.1.1 | F56: CAMIONETA PIKUP COLOR ARENA TOYOTA 2012 | H56: MALO | I56: RECIBIDO DE LA ADMINISTRACIÒN 2021-2024 SIN NINGUN DOCUMENTO | M56: 14/10/2024 | N56: -258700.01 | O56: 288700.01
A57: 52 | B57: 0000032 5111-0000032 2018/ET/002 | C57: 0000032 5111-0000032 | D57: 1.2.4.4.1.1 | F57: CAMIONETA NISSAN DOBLE CABINA COLOR BLANCO | H57: MALO | I57: RECIBIDO DE LA ADMINISTRACIÒN 2021-2024 SIN NINGUN DOCUMENTO | J57: RAFAEL GOMEZ DE LA CRUZ | K57: SEGURIDAD PÙBLICA | L57: SEGURIDAD PÙBLICA | M57: 14/10/2024 | N57: 100000 | O57: 252200
A58: 53 | B58: 0000048 5111-0000048 2019/ET/003 | C58: 0000048 5111-0000048 | D58: 1.2.4.4.1.1 | F58: CAMIONETA TOYOTA HILUX 2019 NO MOTOR 2TRA515344 COLOR BLANCO | H58: RUGULAR | I58: RECIBIDO DE LA ADMINISTRACIÒN 2021-2024 C.F.D.I. L 14499, LIDERAZGO AUTOMOTRIZ DE PUEBLA SA DE CV | J58: DAMIAN VELEZ CRUZ | K58: SISTEMA DIF MUNICIPAL | L58: PRESIDENCIA MUNICIPAL | M58: 11/01/2019 | N58: 175500 | O58: 351000
A59: 54 | B59: 0000056 5111-0000056 | C59: 0000056 5111-0000056 | D59: 1.2.4.4.9.1 | F59: VEHICULO DE REACCION TACTICA DE EMERGENCIA PLACAS AM-132-RV COLOR BLANCA | H59: RUGULAR | I59: RECIBIDO DE LA ADMINISTRACIÒN 2021-2024 C.F.D.I. A 444, CONDOR VIP | J59: BRENDA KARINA LOBATO NOLASCO | K59: DISPENSARIO MEDICO | L59: DISPENSARIO MEDICO | M59: 29/09/2022 | N59: 1423720.5 | O59: 1423720.5
A60: 55 | B60: 0000065 5111-0000065 | C60: 0000065 5111-0000065 | D60: 1.2.4.5.1 | F60: SISTEMA DE VIDEO VIGILANCIA C2 | H60: RUGULAR | I60: RECIBIDO DE LA ADMINISTRACIÒN 2021-2024 C..F.D.I. 36 FERNANDO VAZQUEZ CERVANTEZ | J60: RAFAEL GOMEZ DE LA CRUZ | K60: SEGURIDAD PÙBLICA | L60: SEGURIDAD PÙBLICA | M60: 05/09/2024 | N60: 785950 | O60: 785950
A61: 56 | B61: 0000033 5111-0000033 2018/EM/001 | C61: 0000033 5111-0000033 | D61: 1.2.4.6.2.1 | F61: BOMBA EVANS COLOR NARANJA TRUPER | G61: G 67101 CONSORCIO FERRETERO ALVARES SA DE CV | H61: REGULAR | I61: RECIBIDO DE LA ADMINISTRACIÒN 2021-2024 G C.F.D.I. 67101 CONSORCIO FERRETERO ALVARES SA DE CV | J61: LEOBARDO VAZQUEZ REYES | K61: ALMACEN | L61: ALMACEN | M61: 14/10/2024 | N61: 1
A62: 57 | B62: 0000034 5111-0000034 2018/ECT/001 | C62: 0000034 5111-0000034 | D62: 1.2.4.6.5.1 | F62: RADIO MOVIL KENWOOD 16 CANALES | H62: MALO | I62: RECIBIDO DE LA ADMINISTRACIÒN 2021-2024 SIN NINGUN DOCUMENTO | J62: RAFAEL GOMEZ DE LA CRUZ | K62: SEGURIDAD PÙBLICA | L62: SEGURIDAD PÙBLICA | M62: 14/10/2024 | N62: 1
A63: 58 | B63: 0000035 5111-0000035 2018/ECT/002 | C63: 0000035 5111-0000035 | D63: 1.2.4.6.5.1 | F63: RADIO PORTATIL COLOR NEGRO | H63: MALO | I63: RECIBIDO DE LA ADMINISTRACIÒN 2021-2024 SIN NINGUN DOCUMENTO | J63: RAFAEL GOMEZ DE LA CRUZ | K63: SEGURIDAD PÙBLICA | L63: SEGURIDAD PÙBLICA | M63: 14/10/2024 | N63: 1
A64: 59 | B64: 0000036 5111-0000036 2018/ECT/003 | C64: 0000036 5111-0000036 | D64: 1.2.4.6.5.1 | F64: RADIO PORTATIL COLOR NEGRO | H64: MALO | I64: RECIBIDO DE LA ADMINISTRACIÒN 2021-2024 SIN NINGUN DOCUMENTO | J64: RAFAEL GOMEZ DE LA CRUZ | K64: SEGURIDAD PÙBLICA | L64: SEGURIDAD PÙBLICA | M64: 14/10/2024 | N64: 1
A65: 60 | B65: 0000037 5111-0000037 2021/ECT/001 | C65: 0000037 5111-0000037 | D65: 1.2.4.6.5.1 | F65: ALTAVOCES COLOR GRIS | G65: 5552 GERARDO CORTES CABALLERO | H65: MALO | I65: RECIBIDO DE LA ADMINISTRACIÒN 2021-2024 SIN NINGUN DOCUMENTO | J65: ANDRES PEREZ VAZQUEZ | K65: CONTRALORIA | L65: CONTRALORIA MUNICIPAL | M65: 14/10/2024 | N65: 3525.43
A66: 61 | B66: 0000049 5111-0000049 | C66: 0000049 5111-0000049 | D66: 1.2.4.6.5.1 | F66: ADQUISICIONES EJERCICIO 2020 | I66: RECIBIDO DE LA ADMINISTRACIÒN 2021-2024 SIN NINGUN DOCUMENTO | M66: 14/10/2024 | N66: 42958.49
A67: 62 | B67: 0000063 5111-0000063 | C67: 0000063 5111-0000063 | D67: 1.2.4.6.5.1 | F67: 6 RADIOS MAECA KENWOOD COLOR NEGRO | G67: F-3099 MARIA ADRIANA ZENTENO TELLEZ | H67: REGULAR | I67: RECIBIDO DE LA ADMINISTRACIÒN 2021-2024 F-3099 MARIA ADRIANA ZENTENO TELLEZ | J67: RAFAEL GOMEZ DE LA CRUZ | K67: SEGURIDAD PÙBLICA | L67: SEGURIDAD PÙBLICA | M67: 23/11/2023 | N67: 20880
A68: 63 | B68: 0000038 5111-0000038 | C68: 0000038 5111-0000038 | D68: 1.2.4.6.6.1 | F68: GENERADORA 7500W COLOR AMARILLO | H68: MALO | I68: RECIBIDO DE LA ADMINISTRACIÒN 2021-2024 C.F.D.I. 40688, TIENDAS SORIANA SA DE CV | J68: LEOBARDO VAZQUEZ REYES | K68: ALMACEN | L68: ALMACEN | M68: 12/10/2019 | N68: 12799.2
A69: 64 | B69: 0000039 5111-0000039 2019/EH/001 | C69: 0000039 5111-0000039 | D69: 1.2.4.6.7.1 | F69: MAQUINA TH 235/160 CA/CD | H69: MALO | I69: RECIBIDO DE LA ADMINISTRACIÒN 2021-2024 C.F.D.I. 40688, TIENDAS SORIANA SA DE CV | J69: LEOBARDO VAZQUEZ REYES | K69: ALMACEN | L69: ALMACEN | M69: 12/10/2019 | N69: 6584.77
A70: 65 | B70: 0000059 5111-0000059 | C70: 0000059 5111-0000059 | D70: 1.2.4.6.7.1 | E70: MALO | F70: BOMBA EVANS COLOR NARANJA | H70: MALO | I70: RECIBIDO DE LA ADMINISTRACIÒN 2021-2024 SIN NINGUN DOCUMENTO | J70: LEOBARDO VAZQUEZ REYES | K70: ALMACEN | L70: ALMACEN | M70: 20/06/2023 | N70: 5000
A71: 66 | B71: 2024/ET/001 | C71: 0000059 5111-0000059 | E71: MALO | F71: CAMIONETA FRONTIER PRO-4X 2.5L MARCA NISSAN MODELO 2024 | H71: MALO | I71: COMPRA FACTURA ANC 1332 CARGURU | J71: CARLOS ALBERTO ROMO GAONA | K71: PRESIDENCIA | L71: ALMACEN | M71: 30/11/2024 | N71: 778900
A72: TOTAL | N72: 2610159

Sheet Hoja1
A1: ÀREA DE COBRO DE IMPUESTO PREDIAL
A3: SOLICITUD DE PAPELERIA
B6: PIEZAS | C6: CONCEPTO
B7: 1 | C7: cuter / tijera
B8: 6 | C8: lapiz adhesivo (pegamento)
B9: 2 | C9: lapiceros color azul punto fino
B10: 2 | C10: lapiceros color negro punto fino
B11: 2 | C11: lapiz no 2
B12: 1 | C12: libreta profesional
B13: 1 | C13: engrapadora mediana
B14: 1 | C14: perforadora
B15: 1 | C15: cinta adhesiva transparente
B16: 1 | C16: marcatextos

Sheet ANEXO 1
B7: CLAVE: | F7: 24/03
B8: ENTIDAD FISCALIZADA: | F8: MUNICIPIO DE AMIXTLAN, PUEBLA
B10: INVENTARIO DE BIENES MUEBLES AL 30 DE JUNIO DEL 2025
B12: BIENES MUEBLES
B13: Número de inventario (Código) | C13: Descripción, Marca, Modelo y Serie | D13: Subcuenta | E13: Responsable del Resguardo y Área Administrativa | F13: Documento que acredita la Propiedad (CFDI) | G13: Motivo de alta | H13: Motivo de baja | I13: Documento que acredita la baja | J13: Fuente de financiamiento | K13: Importe | L13: Fecha de Adquisición | M13: % Depreciación Bien Mueble | N13: % Depreciación del ejercicio | O13: % Depreciación Acumulada al final del ejercicio | P13: Monto Depreciación del ejercicio | Q13: Monto Depreciación Acumulada al final del ejercicio | R13: Valor Neto en libros al 31 de diciembre de 2024
B15: EQUIPO DE OFICINA
B16: =+'INVENTARIO 24-27 '!B6 -> 0000001 5111-0000001 | C16: =+'INVENTARIO 24-27 '!F6 -> PORTA BANDERA COLOR MADERA | D16: =+'INVENTARIO 24-27 '!D6 -> 1.2.4.1.1.1 | E16: =+'INVENTARIO 24-27 '!J6 -> MTRA. BLANCA ESTELA JUAREZ BECERRA | F16: =+'INVENTARIO 24-27 '!I6 -> RECIBIDO DE LA ADMINISTRACIÒN 2021-2024 SIN NINGUN DOCUMENTO | G16: RECIBIDO EN ENTREGA RECEPCION | H16: N/A | I16: N/A | J16: 5. Recursos Federales | K16: =+'INVENTARIO 24-27 '!N6 -> 1 | L16: =+'INVENTARIO 24-27 '!M6 -> 14/10/2024 | M16: 0 | N16: 0 | O16: =+N16 -> 0 | P16: 0 | Q16: =+P16 -> 0 | R16: =+K16-Q16 -> 1
B17: =+'INVENTARIO 24-27 '!B7 -> 0000002 5111-0000002 | C17: =+'INVENTARIO 24-27 '!F7 -> 9 SILLAS MEDALLON COLOR NEGRO | D17: =+'INVENTARIO 24-27 '!D7 -> 1.2.4.1.1.1 | E17: =+'INVENTARIO 24-27 '!J7 -> LEOBARDO VAZQUEZ REYES | F17: =+'INVENTARIO 24-27 '!I7 -> RECIBIDO DE LA ADMINISTRACIÒN 2021-2024 SIN NINGUN DOCUMENTO | G17: RECIBIDO EN ENTREGA RECEPCION | H17: N/A | I17: N/A | J17: 5. Recursos Federales | K17: =+'INVENTARIO 24-27 '!N7 -> 609.92 | L17: =+'INVENTARIO 24-27 '!M7 -> 15/02/2015 | M17: 0 | N17: 0 | O17: =+N17 -> 0 | P17: 0 | Q17: =+P17 -> 0 | R17: =+K17-Q17 -> 609.92
B18: =+'INVENTARIO 24-27 '!B8 -> 0000003 5111-0000003 | C18: =+'INVENTARIO 24-27 '!F8 -> LIBRERO DE MADERA SIN MARCA 7 CUBICULOS COLOR MADERA | D18: =+'INVENTARIO 24-27 '!D8 -> 1.2.4.1.1.1 | E18: =+'INVENTARIO 24-27 '!J8 -> ARELI SANCHEZ VAZQUEZ | F18: =+'INVENTARIO 24-27 '!I8 -> RECIBIDO DE LA ADMINISTRACIÒN 2021-2024 SIN NINGUN DOCUMENTO | G18: RECIBIDO EN ENTREGA RECEPCION | H18: N/A | I18: N/A | J18: 5. Recursos Federales | K18: =+'INVENTARIO 24-27 '!N8 -> 500 | L18: =+'INVENTARIO 24-27 '!M8 -> 30/11/2011 | M18: 0 | N18: 0 | O18: 0 | P18: 0 | Q18: 0 | R18: =+K18-Q18 -> 500
B19: =+'INVENTARIO 24-27 '!B9 -> 0000004 5111-0000004 | C19: =+'INVENTARIO 24-27 '!F9 -> ARCHIVERO 3 CAJONES COLOR NEGRO | D19: =+'INVENTARIO 24-27 '!D9 -> 1.2.4.1.1.1 | E19: =+'INVENTARIO 24-27 '!J9 -> MONTSERRAT CARRANZA MENDOZA | F19: =+'INVENTARIO 24-27 '!I9 -> RECIBIDO DE LA ADMINISTRACIÒN 2021-2024 SIN NINGUN DOCUMENTO | G19: RECIBIDO EN ENTREGA RECEPCION | H19: N/A | I19: N/A | J19: 5. Recursos Federales | K19: =+'INVENTARIO 24-27 '!N9 -> 549.39 | L19: =+'INVENTARIO 24-27 '!M9 -> 13/07/2012 | M19: 0 | N19: 0 | O19: 0 | P19: 0 | Q19: 0 | R19: =+K19-Q19 -> 549.39
B20: =+'INVENTARIO 24-27 '!B10 -> 0000005 5111-0000005 | C20: =+'INVENTARIO 24-27 '!F10 -> ESCRITORIO CON 2 CAJONES DE MADERA COLOR CAOBA | D20: =+'INVENTARIO 24-27 '!D10 -> 1.2.4.1.1.1 | E20: =+'INVENTARIO 24-27 '!J10 -> JESSICA ALVAREZ HERNANDEZ | F20: =+'INVENTARIO 24-27 '!I10 -> RECIBIDO DE LA ADMINISTRACIÒN 2021-2024 SIN NINGUN DOCUMENTO | G20: RECIBIDO EN ENTREGA RECEPCION | H20: N/A | I20: N/A | J20: 5. Recursos Federales | K20: =+'INVENTARIO 24-27 '!N10 -> 524.42 | L20: =+'INVENTARIO 24-27 '!M10 -> 13/07/2012 | M20: 0 | N20: 0 | O20: 0 | P20: 0 | Q20: 0 | R20: =+K20-Q20 -> 524.42
B21: =+'INVENTARIO 24-27 '!B11 -> 0000006 5111-0000006 | C21: =+'INVENTARIO 24-27 '!F11 -> LIBRERO DE MADERA ESTABAL 15 BUBICULOS COLOR MADERA | D21: =+'INVENTARIO 24-27 '!D11 -> 1.2.4.1.1.1 | E21: =+'INVENTARIO 24-27 '!J11 -> ARELI SANCHEZ VAZQUEZ | F21: =+'INVENTARIO 24-27 '!I11 -> RECIBIDO DE LA ADMINISTRACIÒN 2021-2024 SIN NINGUN DOCUMENTO | G21: RECIBIDO EN ENTREGA RECEPCION | H21: N/A | I21: N/A | J21: 5. Recursos Federales | K21: =+'INVENTARIO 24-27 '!N11 -> 566.69 | L21: =+'INVENTARIO 24-27 '!M11 -> 29/06/2012 | M21: 0 | N21: 0 | O21: 0 | P21: 0 | Q21: 0 | R21: =+K21-Q21 -> 566.69
B22: =+'INVENTARIO 24-27 '!B12 -> 0000007 5111-0000007 | C22: =+'INVENTARIO 24-27 '!F12 -> LIBRERO EMANUEL COLOR MADERA | D22: =+'INVENTARIO 24-27 '!D12 -> 1.2.4.1.1.1 | E22: =+'INVENTARIO 24-27 '!J12 -> ARELI SANCHEZ VAZQUEZ | F22: =+'INVENTARIO 24-27 '!I12 -> RECIBIDO DE LA ADMINISTRACIÒN 2021-2024 SIN NINGUN DOCUMENTO | G22: RECIBIDO EN ENTREGA RECEPCION | H22: N/A | I22: N/A | J22: 5. Recursos Federales | K22: =+'INVENTARIO 24-27 '!N12 -> 356.71 | L22: =+'INVENTARIO 24-27 '!M12 -> 14/10/2024 | M22: 0 | N22: 0 | O22: 0 | P22: 0 | Q22: 0 | R22: =+K22-Q22 -> 356.71
B23: =+'INVENTARIO 24-27 '!B13 -> 0000008 5111-0000008 | C23: =+'INVENTARIO 24-27 '!F13 -> REGULADOR DE VOLTAJE KOBLENZ COLOR NEGRO | D23: =+'INVENTARIO 24-27 '!D13 -> 1.2.4.1.1.1 | E23: =+'INVENTARIO 24-27 '!J13 -> ARELI SANCHEZ VAZQUEZ | F23: =+'INVENTARIO 24-27 '!I13 -> RECIBIDO DE LA ADMINISTRACIÒN 2021-2024 SIN NINGUN DOCUMENTO | G23: RECIBIDO EN ENTREGA RECEPCION | H23: N/A | I23: N/A | J23: 5. Recursos Federales | K23: =+'INVENTARIO 24-27 '!N13 -> 218 | L23: =+'INVENTARIO 24-27 '!M13 -> 29/06/2012 | M23: 0 | N23: 0 | O23: 0 | P23: 0 | Q23: 0 | R23: =+K23-Q23 -> 218
B24: =+'INVENTARIO 24-27 '!B14 -> 0000009 5111-0000009 | C24: =+'INVENTARIO 24-27 '!F14 -> TELEFONO ALAMBRICO | D24: =+'INVENTARIO 24-27 '!D14 -> 1.2.4.1.1.1 | E24: =+'INVENTARIO 24-27 '!J14 -> ANDRES PEREZ VAZQUEZ | F24: =+'INVENTARIO 24-27 '!I14 -> RECIBIDO DE LA ADMINISTRACIÒN 2021-2024 SIN NINGUN DOCUMENTO | G24: RECIBIDO EN ENTREGA RECEPCION | H24: N/A | I24: N/A | J24: 5. Recursos Federales | K24: =+'INVENTARIO 24-27 '!N14 -> 66 | L24: =+'INVENTARIO 24-27 '!M14 -> 12/06/2012 | M24: 0 | N24: 0 | O24: 0 | P24: 0 | Q24: 0 | R24: =+K24-Q24 -> 66
B25: =+'INVENTARIO 24-27 '!B15 -> 0000010 5111-0000010 | C25: =+'INVENTARIO 24-27 '!F15 -> SILLA DE PIEL COLOR COLOR NEGRO | D25: =+'INVENTARIO 24-27 '!D15 -> 1.2.4.1.1.1 | E25: =+'INVENTARIO 24-27 '!J15 -> YEYMY HERNANDEZ VAZQUEZ | F25: =+'INVENTARIO 24-27 '!I15 -> RECIBIDO DE LA ADMINISTRACIÒN 2021-2024 SIN NINGUN DOCUMENTO | G25: RECIBIDO EN ENTREGA RECEPCION | H25: N/A | I25: N/A | J25: 5. Recursos Federales | K25: =+'INVENTARIO 24-27 '!N15 -> 379.86 | L25: =+'INVENTARIO 24-27 '!M15 -> 28/06/2012 | M25: 0 | N25: 0 | O25: 0 | P25: 0 | Q25: 0 | R25: =+K25-Q25 -> 379.86
B26: =+'INVENTARIO 24-27 '!B16 -> 0000011 5111-0000011 2018/EO/12 | C26: =+'INVENTARIO 24-27 '!F16 -> SILLA EJECUTIVA COLOR NEGRO | D26: =+'INVENTARIO 24-27 '!D16 -> 1.2.4.1.1.1 | E26: =+'INVENTARIO 24-27 '!J16 -> MARIA DEL ROSARIO CARMONA ZARAGOZA | F26: =+F25 -> RECIBIDO DE LA ADMINISTRACIÒN 2021-2024 SIN NINGUN DOCUMENTO | G26: RECIBIDO EN ENTREGA RECEPCION | H26: N/A | I26: N/A | J26: 5. Recursos Federales | K26: =+'INVENTARIO 24-27 '!N16 -> 321.86 | L26: =+'INVENTARIO 24-27 '!M16 -> 13/03/2021 | M26: 0 | N26: 0 | O26: 0 | P26: 0 | Q26: 0 | R26: =+K26-Q26 -> 321.86
B27: =+'INVENTARIO 24-27 '!B17 -> 0000012 5111-0000012 2018/EO/014 | C27: =+'INVENTARIO 24-27 '!F17 -> ESCRITORIO DE MADERA COLOR CAOBA | D27: =+'INVENTARIO 24-27 '!D17 -> 1.2.4.1.1.1 | E27: =+'INVENTARIO 24-27 '!J17 -> YEYMY HERNANDEZ VAZQUEZ | F27: =+F26 -> RECIBIDO DE LA ADMINISTRACIÒN 2021-2024 SIN NINGUN DOCUMENTO | G27: RECIBIDO EN ENTREGA RECEPCION | H27: N/A | I27: N/A | J27: 5. Recursos Federales | K27: =+'INVENTARIO 24-27 '!N17 -> 524.86 | L27: =+'INVENTARIO 24-27 '!M17 -> 13/03/2014 | M27: 0 | N27: 0 | O27: 0 | P27: 0 | Q27: 0 | R27: =+K27-Q27 -> 524.86
B28: =+'INVENTARIO 24-27 '!B18 -> 0000013 5111-0000013 2020/EO/001 | C28: =+'INVENTARIO 24-27 '!F18 -> MODULO EJECUTIVO CONSISTENTE EN MESA ADUELADA BASE DE 220X100 COLOR NEGRO | D28: =+'INVENTARIO 24-27 '!D18 -> 1.2.4.1.1.1 | E28: =+'INVENTARIO 24-27 '!J18 -> VIRGINIA FRANCISCO GUZMAN | F28: =+'INVENTARIO 24-27 '!I17 -> RECIBIDO DE LA ADMINISTRACIÒN 2021-2024 SIN NINGUN DOCUMENTO | G28: RECIBIDO EN ENTREGA RECEPCION | H28: N/A | I28: N/A | J28: 5. Recursos Federales | K28: =+'INVENTARIO 24-27 '!N18 -> 36540 | L28: =+'INVENTARIO 24-27 '!M18 -> 13/03/2014 | M28: 0 | N28: 0 | O28: 0 | P28: 0 | Q28: 0 | R28: =+K28-Q28 -> 36540
B29: =+'INVENTARIO 24-27 '!B19 -> 0000014 5111-0000014 2020EO/002 | C29: =+'INVENTARIO 24-27 '!F19 -> ESCRITORIO DE METAL Y MADERA CON 2 CAJONES, COLOR CAOBA | D29: =+'INVENTARIO 24-27 '!D19 -> 1.2.4.1.1.1 | E29: =+'INVENTARIO 24-27 '!J19 -> VERONICA VAZQUEZ CARPIO | F29: =+F28 -> RECIBIDO DE LA ADMINISTRACIÒN 2021-2024 SIN NINGUN DOCUMENTO | G29: RECIBIDO EN ENTREGA RECEPCION | H29: N/A | I29: N/A | J29: 5. Recursos Federales | K29: =+'INVENTARIO 24-27 '!N19 -> 0 | L29: =+'INVENTARIO 24-27 '!M19 -> 25/03/2020 | M29: 0 | N29: 0 | O29: 0 | P29: 0 | Q29: 0 | R29: =+K29-Q29 -> 0
B30: =+'INVENTARIO 24-27 '!B20 -> 0000015 5111-0000015 2021/EO/002 | C30: =+'INVENTARIO 24-27 '!F20 -> 48 SILLAS DE PLASTICO COLOR BLANCAS | D30: =+'INVENTARIO 24-27 '!D20 -> 1.2.4.1.1.1 | E30: =+'INVENTARIO 24-27 '!J20 -> LEOBARDO VAZQUEZ REYES | F30: =+F29 -> RECIBIDO DE LA ADMINISTRACIÒN 2021-2024 SIN NINGUN DOCUMENTO | G30: RECIBIDO EN ENTREGA RECEPCION | H30: N/A | I30: N/A | J30: 5. Recursos Federales | K30: =+'INVENTARIO 24-27 '!N20 -> 6625.92 | L30: =+'INVENTARIO 24-27 '!M19 -> 25/03/2020 | M30: 0 | N30: 0 | O30: 0 | P30: 0 | Q30: 0 | R30: =+K30-Q30 -> 6625.92
B31: =+'INVENTARIO 24-27 '!B21 -> 0000040 5111-0000040 | C31: =+'INVENTARIO 24-27 '!F21 -> 2 SILLAS VISTA COLOR NEGRA | D31: =+'INVENTARIO 24-27 '!D21 -> 1.2.4.1.1.1 | E31: =+'INVENTARIO 24-27 '!J21 -> MTRA. BLANCA ESTELA JUAREZ BECERRA | F31: =+'INVENTARIO 24-27 '!I21 -> RECIBIDO DE LA ADMINISTRACIÒN 2021-2024 C.F.D.I. 157, MARIA LUCERO BARRERA HERNANDEZ | G31: RECIBIDO EN ENTREGA RECEPCION | H31: N/A | I31: N/A | J31: 5. Recursos Federales | K31: =+'INVENTARIO 24-27 '!N21 -> 1670.4 | L31: =+'INVENTARIO 24-27 '!M21 -> 01/12/2021 | M31: 0 | N31: 0 | O31: 0 | P31: 0 | Q31: 0 | R31: =+K31-Q31 -> 1670.4
B32: =+'INVENTARIO 24-27 '!B23 -> 0000042 5111-0000042 | C32: =+'INVENTARIO 24-27 '!F23 -> IMPRESORA MULTIFUNCIONAL BROTHER COLOR NEGRO DCP-T720DWC | D32: =+'INVENTARIO 24-27 '!D23 -> 1.2.4.1.1.1 | E32: =+'INVENTARIO 24-27 '!J23 -> ALEJANDRA GUZMAN CRUZ | F32: =+'INVENTARIO 24-27 '!I23 -> RECIBIDO DE LA ADMINISTRACIÒN 2021-2024 C.F.D.I. 2021 CLEOFAS VAZQUEZ VAZQUEZ | G32: RECIBIDO EN ENTREGA RECEPCION | H32: N/A | I32: N/A | J32: 5. Recursos Federales | K32: =+'INVENTARIO 24-27 '!N23 -> 8339.92 | L32: =+'INVENTARIO 24-27 '!M23 -> 14/10/2024 | M32: 0 | N32: 0 | O32: 0 | P32: 0 | Q32: 0 | R32: =+K32-Q32 -> 8339.92
B33: =+'INVENTARIO 24-27 '!B24 -> 0000060 5111-0000060 | C33: =+'INVENTARIO 24-27 '!F24 -> MULTIFUCIONAL BROTHER N/SERIE U65160L2H487008 COLOR NEGRO | D33: =+'INVENTARIO 24-27 '!D24 -> 1.2.4.1.1.1 | E33: =+'INVENTARIO 24-27 '!J24 -> EDWIN LECONA TREJO | F33: =+'INVENTARIO 24-27 '!I24 -> RECIBIDO DE LA ADMINISTRACIÒN 2021-2024 C.F.D.I. 1022 FOLIO UUID, PEPELERIA Y TACNOLOGIA DEVO | G33: RECIBIDO EN ENTREGA RECEPCION | H33: N/A | I33: N/A | J33: 5. Recursos Federales | K33: =+'INVENTARIO 24-27 '!N24 -> 24049.62 | L33: =+'INVENTARIO 24-27 '!M24 -> 31/12/2021 | M33: 0 | N33: 0 | O33: 0 | P33: 0 | Q33: 0 | R33: =+K33-Q33 -> 24049.62
B34: =+'INVENTARIO 24-27 '!B25 -> 0000061 5111-0000061 | C34: =+'INVENTARIO 24-27 '!F25 -> MULTIFUNCIONAL EPSON N/SERIE X8GP046251 COLOR NEGRO | D34: =+'INVENTARIO 24-27 '!D25 -> 1.2.4.1.1.1 | E34: =+'INVENTARIO 24-27 '!J25 -> YEYMY HERNANDEZ VAZQUEZ | F34: =+'INVENTARIO 24-27 '!I25 -> RECIBIDO DE LA ADMINISTRACIÒN 2021-2024 C.F.D.I. 1022 FOLIO UUID, PEPELERIA Y TACNOLOGIA DEVO | G34: RECIBIDO EN ENTREGA RECEPCION | H34: N/A | I34: N/A | J34: 5. Recursos Federales | K34: =+'INVENTARIO 24-27 '!N25 -> 15658.62 | L34: =+'INVENTARIO 24-27 '!M25 -> 06/05/2023 | M34: 0 | N34: 0 | O34: 0 | P34: 0 | Q34: 0 | R34: =+K34-Q34 -> 15658.62
B35: =+'INVENTARIO 24-27 '!B26 -> 0000062 5111-0000062 | C35: =+'INVENTARIO 24-27 '!F26 -> ESCANER HP COLOR BLANCO | D35: =+'INVENTARIO 24-27 '!D26 -> 1.2.4.1.1.1 | E35: =+'INVENTARIO 24-27 '!J26 -> ANDRES PEREZ VAZQUEZ | F35: =+'INVENTARIO 24-27 '!I26 -> RECIBIDO DE LA ADMINISTRACIÒN 2021-2024 C.F.D.I. 1022 FOLIO UUID, PEPELERIA Y TACNOLOGIA DEVO | G35: RECIBIDO EN ENTREGA RECEPCION | H35: N/A | I35: N/A | J35: 5. Recursos Federales | K35: =+'INVENTARIO 24-27 '!N26 -> 20992.45 | L35: =+'INVENTARIO 24-27 '!M26 -> 09/05/2023 | M35: 0 | N35: 0 | O35: 0 | P35: 0 | Q35: 0 | R35: =+K35-Q35 -> 20992.45
B36: 0000068 5111-0000068 2018/EO/16 | C36: FOTOCOPIADORA TODO EN UNO | D36: 1.2.4.1.1.1 | E36: ANDRÉS PÉREZ VÁZQUEZ | F36: ADMINISTRACIÓN 2021-2024 C.F.D.I.1022 FOLIO UUID, PAPELERÍA Y TECNOLOGÍA | G36: RECIBIDO EN ENTREGA RECEPCIÓN | H36: N/A | I36: N/A | J36: 5. Recursos Federales | K36: 33783.66 | L36: 41871 | M36: 0 | N36: 0 | O36: 0 | P36: 0 | Q36: 0 | R36: =+K36-Q36 -> 33783.66
B37: SUBTOTAL EQUIPO DE OFICINA | K37: =SUM(K16:K36) -> 152279.3 | L37: 45838 | M37: =SUM(M16:M36) -> 0 | N37: =SUM(N16:N36) -> 0 | O37: =SUM(O16:O36) -> 0 | P37: =SUM(P16:P36) -> 0 | Q37: =SUM(Q16:Q36) -> 0 | R37: =SUM(R16:R36) -> 152279.3
B38: MUEBLES, EXCEPTO DE OFICINA Y ESTANTERIA
B39: =+'INVENTARIO 24-27 '!B27 -> 0000051 5121-0000051 | C39: =+'INVENTARIO 24-27 '!F27 -> 2 MESAS DUNA PLEGABLE COLOR BLANCO | D39: =+'INVENTARIO 24-27 '!D27 -> 1.2.4.1.2.1 | E39: =+'INVENTARIO 24-27 '!J27 -> LEOBARDO VAZQUEZ REYES | F39: =+'INVENTARIO 24-27 '!I27 -> RECIBIDO DE LA ADMINISTRACIÒN 2021-2024 C.F.D.I. 4920, CRISTAL RAMIREZ CARCAMO | G39: RECIBIDO EN ENTREGA RECEPCION | H39: N/A | I39: N/A | J39: 5. Recursos Federales | K39: =+'INVENTARIO 24-27 '!N27 -> -37512.64 | L39: =+'INVENTARIO 24-27 '!M27 -> 04/02/2022 | M39: 0 | N39: 0 | O39: 0 | P39: 0 | Q39: 0 | R39: =+K39-Q39 -> -37512.64
B40: =+'INVENTARIO 24-27 '!B28 -> 0000054 5121-0000054 | C40: =+'INVENTARIO 24-27 '!F28 -> JUEGO DE CONSULTORIO COLOR NARANJA | D40: =+'INVENTARIO 24-27 '!D28 -> 1.2.4.1.2.1 | E40: =+'INVENTARIO 24-27 '!J28 -> NATALIA VAZQUEZ PEREZ | F40: =+'INVENTARIO 24-27 '!I28 -> RECIBIDO DE LA ADMINISTRACIÒN 2021-2024 C.F.D.I. FQ 4698, GABRIEL RAYMUNDO MARTINEZ ARANDO | G40: RECIBIDO EN ENTREGA RECEPCION | H40: N/A | I40: N/A | J40: 5. Recursos Federales | K40: =+'INVENTARIO 24-27 '!N28 -> 6758.82 | L40: =+'INVENTARIO 24-27 '!M28 -> 04/07/2022 | M40: 0 | N40: 0 | O40: 0 | P40: 0 | Q40: 0 | R40: =+K40-Q40 -> 6758.82
B41: 0000069 5111-0000069 2018/EO/16 | C41: 28 MESAS RECTANGULARES PLEGABLES | D41: 1.2.4.1.2.1 | E41: ANDRÉS PÉREZ VÁZQUEZ | F41: RECIBIDO DE LA ADMINISTRACIÓN 2021-2024 SIN NINGÚN DOCUMENTO | G41: RECBIDO EN ENTREGA RECEPCIÓN | H41: N/A | I41: N/A | J41: 5. Recursos Federales | K41: 55785.42 | L41: 41871 | M41: 0 | N41: 0 | O41: 0 | P41: 0 | Q41: 0 | R41: =+K41-Q41 -> 55785.42
B42: SUBTOTAL DE MUEBLES, EXCEPTO DE OFICINA Y ESTANTERIA | K42: =SUM(K39:K41) -> 25031.6 | L42: 45838 | M42: =SUM(M39:M41) -> 0 | N42: =SUM(N39:N41) -> 0 | O42: =SUM(O39:O41) -> 0 | P42: =SUM(P39:P41) -> 0 | Q42: =SUM(Q39:Q41) -> 0 | R42: =SUM(R39:R41) -> 25031.6
B43: EQUIPO DE COMPUTO Y TECNOLOGIAS DE LA INFORMACIÒN
B44: =+'INVENTARIO 24-27 '!B29 -> 0000016 5151-0000016 2018/EC/001 | C44: =+'INVENTARIO 24-27 '!F29 -> EQUIPO DE COMPUTO HP N/SERIE CNC638087F COLOR NEGRO | D44: =+'INVENTARIO 24-27 '!D29 -> 1.2.4.1.3.1 | E44: =+'INVENTARIO 24-27 '!J29 -> JORGE HERRERO CALLEJA | F44: =+'INVENTARIO 24-27 '!I29 -> RECIBIDO DE LA ADMINISTRACIÒN 2021-2024 SIN NINGUN DOCUMENTO | G44: RECIBIDO EN ENTREGA RECEPCION | H44: N/A | I44: N/A | J44: 5. Recursos Federales | K44: =+'INVENTARIO 24-27 '!N29 -> 1 | L44: =+'INVENTARIO 24-27 '!M29 -> 28/02/2011 | M44: 0 | N44: 0 | O44: 0 | P44: 0 | Q44: 0 | R44: =+K44-Q44 -> 1
B45: =+'INVENTARIO 24-27 '!B30 -> 0000017 5151-0000017 2018/EC/002 | C45: =+'INVENTARIO 24-27 '!F30 -> IMPRESORA LASER JET COLOR NEGRO | D45: =+'INVENTARIO 24-27 '!D30 -> 1.2.4.1.3.1 | E45: =+'INVENTARIO 24-27 '!J30 -> ANDRES PEREZ VAZQUEZ | F45: =+'INVENTARIO 24-27 '!I30 -> RECIBIDO DE LA ADMINISTRACIÒN 2021-2024 SIN NINGUN DOCUMENTO | G45: RECIBIDO EN ENTREGA RECEPCION | H45: N/A | I45: N/A | J45: 5. Recursos Federales | K45: =+'INVENTARIO 24-27 '!N30 -> 1 | L45: =+'INVENTARIO 24-27 '!M30 -> 20/03/2011 | M45: 0 | N45: 0 | O45: 0 | P45: 0 | Q45: 0 | R45: =+K45-Q45 -> 1
B46: =+'INVENTARIO 24-27 '!B31 -> 0000018 5151-0000018 2018/EC/003 | C46: =+'INVENTARIO 24-27 '!F31 -> COMPUTADORA AIO PC 8CC8490LM2 COLOR NEGRO | D46: =+'INVENTARIO 24-27 '!D31 -> 1.2.4.1.3.1 | E46: =+'INVENTARIO 24-27 '!J31 -> JOSE ORLANDO ZARAGOZA BECERRA | F46: =+'INVENTARIO 24-27 '!I31 -> RECIBIDO DE LA ADMINISTRACIÒN 2021-2024 SIN NINGUN DOCUMENTO | G46: RECIBIDO EN ENTREGA RECEPCION | H46: N/A | I46: N/A | J46: 5. Recursos Federales | K46: =+'INVENTARIO 24-27 '!N31 -> 0 | L46: =+'INVENTARIO 24-27 '!M31 -> 15/05/2015 | M46: 0 | N46: 0 | O46: 0 | P46: 0 | Q46: 0 | R46: =+K46-Q46 -> 0
B47: =+'INVENTARIO 24-27 '!B32 -> 0000019 5151-0000019 2018/EC/004 | C47: =+'INVENTARIO 24-27 '!F32 -> MULTIFUNCIONAL EPSON IMPRESORA MULTICOLOR X4ER022107 | D47: =+'INVENTARIO 24-27 '!D32 -> 1.2.4.1.3.1 | E47: =+'INVENTARIO 24-27 '!J32 -> ANDRES PEREZ VAZQUEZ | F47: =+'INVENTARIO 24-27 '!I32 -> RECIBIDO DE LA ADMINISTRACIÒN 2021-2024 SIN NINGUN DOCUMENTO | G47: RECIBIDO EN ENTREGA RECEPCION | H47: N/A | I47: N/A | J47: 5. Recursos Federales | K47: =+'INVENTARIO 24-27 '!N32 -> 1 | L47: =+'INVENTARIO 24-27 '!M32 -> 19/12/2015 | M47: 0 | N47: 0 | O47: 0 | P47: 0 | Q47: 0 | R47: =+K47-Q47 -> 1
B48: =+'INVENTARIO 24-27 '!B33 -> 0000020 5111-0000020 2018/EC/005 | C48: =+'INVENTARIO 24-27 '!F33 -> MULTIFUNCIONAL LASER HP N/SERIE CNJ8G1Q5HB COLOR NEGRO | D48: =+'INVENTARIO 24-27 '!D33 -> 1.2.4.1.3.1 | E48: =+'INVENTARIO 24-27 '!J33 -> ARELI SANCHEZ VAZQUEZ | F48: =+'INVENTARIO 24-27 '!I33 -> RECIBIDO DE LA ADMINISTRACIÒN 2021-2024 SIN NINGUN DOCUMENTO | G48: RECIBIDO EN ENTREGA RECEPCION | H48: N/A | I48: N/A | J48: 5. Recursos Federales | K48: =+'INVENTARIO 24-27 '!N33 -> 1 | L48: =+'INVENTARIO 24-27 '!M33 -> 19/12/2015 | M48: 0 | N48: 0 | O48: 0 | P48: 0 | Q48: 0 | R48: =+K48-Q48 -> 1
B49: =+'INVENTARIO 24-27 '!B34 -> 0000021 5151-0000021 2018/EC/006 | C49: =+'INVENTARIO 24-27 '!F34 -> COMPUTADORA AIO PC 8CC82516X5 COLOR NEGRO | D49: =+'INVENTARIO 24-27 '!D34 -> 1.2.4.1.3.1 | E49: =+'INVENTARIO 24-27 '!J34 -> ANDRES PEREZ VAZQUEZ | F49: =+'INVENTARIO 24-27 '!I34 -> RECIBIDO DE LA ADMINISTRACIÒN 2021-2024 SIN NINGUN DOCUMENTO | G49: RECIBIDO EN ENTREGA RECEPCION | H49: N/A | I49: N/A | J49: 5. Recursos Federales | K49: =+'INVENTARIO 24-27 '!N34 -> 1 | L49: 13/09/2016 | M49: 0 | N49: 0 | O49: 0 | P49: 0 | Q49: 0 | R49: =+K49-Q49 -> 1
B50: =+'INVENTARIO 24-27 '!B35 -> 0000022 5151-0000022 2018/EC/007 | C50: =+'INVENTARIO 24-27 '!F35 -> COMPUTADORA HP DESKTOP N/SERIE 4CE4340KS5 COLOR NEGRO | D50: =+'INVENTARIO 24-27 '!D35 -> 1.2.4.1.3.1 | E50: =+'INVENTARIO 24-27 '!J35 -> RAFAEL GOMEZ DE LA CRUZ | F50: =+'INVENTARIO 24-27 '!I35 -> RECIBIDO DE LA ADMINISTRACIÒN 2021-2024 SIN NINGUN DOCUMENTO | G50: RECIBIDO EN ENTREGA RECEPCION | H50: N/A | I50: N/A | J50: 5. Recursos Federales | K50: =+'INVENTARIO 24-27 '!N35 -> 1 | L50: =+'INVENTARIO 24-27 '!M35 -> 14/09/2018 | M50: 0 | N50: 0 | O50: 0 | P50: 0 | Q50: 0 | R50: =+K50-Q50 -> 1
B51: =+'INVENTARIO 24-27 '!B36 -> 0000023 5111-0000023 2019/EC/004 | C51: =+'INVENTARIO 24-27 '!F36 -> DESKTOP AIO HP COLOR NEGRO | D51: =+'INVENTARIO 24-27 '!D36 -> 1.2.4.1.3.1 | E51: =+'INVENTARIO 24-27 '!J36 -> ANDRES PEREZ VAZQUEZ | F51: =+'INVENTARIO 24-27 '!I36 -> RECIBIDO DE LA ADMINISTRACIÒN 2021-2024 SIN NINGUN DOCUMENTO | G51: RECIBIDO EN ENTREGA RECEPCION | H51: N/A | I51: N/A | J51: 5. Recursos Federales | K51: =+'INVENTARIO 24-27 '!N36 -> 2699.55 | L51: 14/10/2024 | M51: 0 | N51: 0 | O51: 0 | P51: 0 | Q51: 0 | R51: =+K51-Q51 -> 2699.55
B52: =+'INVENTARIO 24-27 '!B37 -> 0000024 5111-0000024 2019/EC/005 | C52: =+'INVENTARIO 24-27 '!F37 -> COMPUTADORA ALL IN ONE LENOVO YJ00TB9A COLOR BLANCO | D52: =+'INVENTARIO 24-27 '!D37 -> 1.2.4.1.3.1 | E52: =+'INVENTARIO 24-27 '!J37 -> VERONICA VAZQUEZ CARPIO | F52: =+'INVENTARIO 24-27 '!I37 -> RECIBIDO DE LA ADMINISTRACIÒN 2021-2024 C.F.D.I. 15473 BEST BUY STORES S DE RL DE CV | G52: RECIBIDO EN ENTREGA RECEPCION | H52: N/A | I52: N/A | J52: 5. Recursos Federales | K52: =+'INVENTARIO 24-27 '!N37 -> 2699.7 | L52: 14/10/2014 | M52: 0 | N52: 0 | O52: 0 | P52: 0 | Q52: 0 | R52: =+K52-Q52 -> 2699.7
B53: =+'INVENTARIO 24-27 '!B38 -> 0000025 5111-0000025 2020/EC/001 | C53: =+'INVENTARIO 24-27 '!F38 -> MULTIFUCIONAL LASSER JET PRO COLOR BLANCO | D53: =+'INVENTARIO 24-27 '!D38 -> 1.2.4.1.3.1 | E53: =+'INVENTARIO 24-27 '!J38 -> ANDRES PEREZ VAZQUEZ | F53: =+'INVENTARIO 24-27 '!I38 -> RECIBIDO DE LA ADMINISTRACIÒN 2021-2024 SIN NINGUN DOCUMENTO | G53: RECIBIDO EN ENTREGA RECEPCION | H53: N/A | I53: N/A | J53: 5. Recursos Federales | K53: =+'INVENTARIO 24-27 '!N38 -> 5969.4 | L53: 14/10/2024 | M53: 0 | N53: 0 | O53: 0 | P53: 0 | Q53: 0 | R53: =+K53-Q53 -> 5969.4
B54: =+'INVENTARIO 24-27 '!B39 -> 0000026 5111-0000026 2020/EC/002 | C54: =+'INVENTARIO 24-27 '!F39 -> COMPUTADORA DE ESCRITORIO DELL MODELO OPTIPLEX 7 LED 21.5 PLD E2216H SERIE 6605838002 COLOLR NEGRO | D54: =+'INVENTARIO 24-27 '!D39 -> 1.2.4.1.3.1 | E54: =+'INVENTARIO 24-27 '!J39 -> YEYMY HERNANDEZ VAZQUEZ | F54: =+F53 -> RECIBIDO DE LA ADMINISTRACIÒN 2021-2024 SIN NINGUN DOCUMENTO | G54: RECIBIDO EN ENTREGA RECEPCION | H54: N/A | I54: N/A | J54: 5. Recursos Federales | K54: =+'INVENTARIO 24-27 '!N39 -> 8400 | L54: 14/10/2024 | M54: 0 | N54: 0 | O54: 0 | P54: 0 | Q54: 0 | R54: =+K54-Q54 -> 8400
B55: =+'INVENTARIO 24-27 '!B40 -> 0000027 5111-0000027 2021/EC/002 | C55: =+'INVENTARIO 24-27 '!F40 -> ESCANER HP COLOR BLANCO L2747-64001 | D55: =+'INVENTARIO 24-27 '!D40 -> 1.2.4.1.3.1 | E55: =+'INVENTARIO 24-27 '!J40 -> ANDRES PEREZ VAZQUEZ | F55: =+F54 -> RECIBIDO DE LA ADMINISTRACIÒN 2021-2024 SIN NINGUN DOCUMENTO | G55: =+G54 -> RECIBIDO EN ENTREGA RECEPCION | H55: N/A | I55: N/A | J55: 5. Recursos Federales | K55: =+'INVENTARIO 24-27 '!N40 -> 7750 | L55: 14/10/2024 | M55: 0 | N55: 0 | O55: 0 | P55: 0 | Q55: 0 | R55: =+K55-Q55 -> 7750
B56: =+'INVENTARIO 24-27 '!B41 -> 0000043 5111-0000043 | C56: =+'INVENTARIO 24-27 '!F41 -> ADQUISICIONES EJERCICIO 2019 | D56: =+'INVENTARIO 24-27 '!D41 -> 1.2.4.1.3.1 | E56: =+'INVENTARIO 24-27 '!J40 -> ANDRES PEREZ VAZQUEZ | F56: =+F55 -> RECIBIDO DE LA ADMINISTRACIÒN 2021-2024 SIN NINGUN DOCUMENTO | G56: =+G55 -> RECIBIDO EN ENTREGA RECEPCION | H56: N/A | I56: N/A | J56: 5. Recursos Federales | K56: 0 | L56: 14/10/2024 | M56: 0 | N56: 0 | O56: 0 | P56: 0 | Q56: 0 | R56: =+K56-Q56 -> 0
B57: =+'INVENTARIO 24-27 '!B42 -> 0000044 5111-0000044 2021/EC/002 | C57: =+'INVENTARIO 24-27 '!F42 -> LAPTOP HP PAVILION COLOR NEGRO | D57: =+'INVENTARIO 24-27 '!D42 -> 1.2.4.1.3.1 | E57: =+'INVENTARIO 24-27 '!J42 -> JESSICA ALVAREZ HERNANDEZ | F57: =+'INVENTARIO 24-27 '!I41 -> RECIBIDO DE LA ADMINISTRACIÒN 2021-2024 SIN NINGUN DOCUMENTO | G57: RECIBIDO EN ENTREGA RECEPCION | H57: N/A | I57: N/A | J57: 5. Recursos Federales | K57: =+'INVENTARIO 24-27 '!N42 -> 9658 | L57: 14/10/2024 | M57: 0 | N57: 0 | O57: 0 | P57: 0 | Q57: 0 | R57: =+K57-Q57 -> 9658
B58: =+'INVENTARIO 24-27 '!B43 -> 0000045 5111-0000045 2021/EC/003 | C58: =+'INVENTARIO 24-27 '!F43 -> LAPTOP HP240 G7 PROCESADOR INTEL COLOR NEGRO | D58: =+'INVENTARIO 24-27 '!D43 -> 1.2.4.1.3.1 | E58: =+'INVENTARIO 24-27 '!J43 -> LUIS DIAZ VAZQUEZ | F58: =+F57 -> RECIBIDO DE LA ADMINISTRACIÒN 2021-2024 SIN NINGUN DOCUMENTO | G58: RECIBIDO EN ENTREGA RECEPCION | H58: N/A | I58: N/A | J58: 5. Recursos Federales | K58: =+'INVENTARIO 24-27 '!N43 -> 13533.34 | L58: 14/10/2024 | M58: 0 | N58: 0 | O58: 0 | P58: 0 | Q58: 0 | R58: =+K58-Q58 -> 13533.34
B59: =+'INVENTARIO 24-27 '!B44 -> 0000046 5111-0000046 2021/EC/004 | C59: =+'INVENTARIO 24-27 '!F44 -> LAPTOP HUAWEIEMATEBOOOK COLOR GRIS | D59: =+'INVENTARIO 24-27 '!D44 -> 1.2.4.1.3.1 | E59: =+'INVENTARIO 24-27 '!J44 -> ANDRES PEREZ VAZQUEZ | F59: =+F58 -> RECIBIDO DE LA ADMINISTRACIÒN 2021-2024 SIN NINGUN DOCUMENTO | G59: RECIBIDO EN ENTREGA RECEPCION | H59: N/A | I59: N/A | J59: 5. Recursos Federales | K59: =+'INVENTARIO 24-27 '!N44 -> 13726.67 | L59: =+'INVENTARIO 24-27 '!M44 -> 31/12/2021 | M59: 0 | N59: 0 | O59: 0 | P59: 0 | Q59: 0 | R59: =+K59-Q59 -> 13726.67
B60: =+'INVENTARIO 24-27 '!B45 -> 0000050 5111-0000050 2019//EC/006 | C60: =+'INVENTARIO 24-27 '!F45 -> MULTIFUNCIONAL BROTHER MPC J6930DW COLOR NEGRO | D60: =+'INVENTARIO 24-27 '!D45 -> 1.2.4.1.3.1 | E60: =+'INVENTARIO 24-27 '!J45 -> ANDRES PEREZ VAZQUEZ | F60: =+F59 -> RECIBIDO DE LA ADMINISTRACIÒN 2021-2024 SIN NINGUN DOCUMENTO | G60: =+G59 -> RECIBIDO EN ENTREGA RECEPCION | H60: N/A | I60: N/A | J60: 5. Recursos Federales | K60: =+'INVENTARIO 24-27 '!N45 -> 1979.7 | L60: =+'INVENTARIO 24-27 '!M45 -> 14/10/2024 | M60: 0 | N60: 0 | O60: 0 | P60: 0 | Q60: 0 | R60: =+K60-Q60 -> 1979.7
B61: =+'INVENTARIO 24-27 '!B46 -> 0000052 5111-0000052 | C61: =+'INVENTARIO 24-27 '!F46 -> COMPUTADORA ALL IN ONE LENOVO 5 N° YJ01A914 COLOR NEGRO | D61: =+'INVENTARIO 24-27 '!D46 -> 1.2.4.1.3.1 | E61: =+'INVENTARIO 24-27 '!J46 -> ARELI SANCHEZ VAZQUEZ | F61: =+F60 -> RECIBIDO DE LA ADMINISTRACIÒN 2021-2024 SIN NINGUN DOCUMENTO | G61: RECIBIDO EN ENTREGA RECEPCION | H61: N/A | I61: N/A | J61: 5. Recursos Federales | K61: =+'INVENTARIO 24-27 '!N46 -> -23343.33 | L61: =+'INVENTARIO 24-27 '!M46 -> 29/04/2022 | M61: 0 | N61: 0 | O61: 0 | P61: 0 | Q61: 0 | R61: =+K61-Q61 -> -23343.33
B62: =+'INVENTARIO 24-27 '!B47 -> 0000053 5111-0000053 | C62: =+'INVENTARIO 24-27 '!F47 -> ALL IN ONE LENOVO 5 N/SERIE SYJ019GZW COLOR NEGRA | D62: =+'INVENTARIO 24-27 '!D47 -> 1.2.4.1.3.1 | E62: =+'INVENTARIO 24-27 '!J47 -> DOMINGO SANTIAGO SALVADOR | F62: =+F61 -> RECIBIDO DE LA ADMINISTRACIÒN 2021-2024 SIN NINGUN DOCUMENTO | G62: =+G61 -> RECIBIDO EN ENTREGA RECEPCION | H62: N/A | I62: N/A | J62: 5. Recursos Federales | K62: =+'INVENTARIO 24-27 '!N47 -> 24421.39 | L62: =+'INVENTARIO 24-27 '!M47 -> 15/06/2022 | M62: 0 | N62: 0 | O62: 0 | P62: 0 | Q62: 0 | R62: =+K62-Q62 -> 24421.39
B63: =+'INVENTARIO 24-27 '!B48 -> 0000064 5111-0000064 | C63: =+'INVENTARIO 24-27 '!F48 -> LAPTOP ISUS VIVOBOOK COLOR AZUL | D63: =+'INVENTARIO 24-27 '!D48 -> 1.2.4.1.3.1 | E63: =+'INVENTARIO 24-27 '!J48 -> ANDRES PEREZ VAZQUEZ | F63: =+F62 -> RECIBIDO DE LA ADMINISTRACIÒN 2021-2024 SIN NINGUN DOCUMENTO | G63: RECIBIDO EN ENTREGA RECEPCION | H63: N/A | I63: N/A | J63: 5. Recursos Federales | K63: =+'INVENTARIO 24-27 '!N48 -> 16410 | L63: =+'INVENTARIO 24-27 '!M48 -> 20/08/2024 | M63: 0 | N63: 0 | O63: 0 | P63: 0 | Q63: 0 | R63: =+K63-Q63 -> 16410
B64: 0000070 5111-0000070 2018/EO/20 | C64: TECNOLOGÍAS DE INFORMACIÓN ADQUIRIDOS DE LA ADMINISTRACIÓN 2014-2018 | D64: 1.2.4.1.3.1 | E64: ANDRÉS PÉREZ VÁZQUEZ | F64: RECIBIDO DE LA ADMINISTRACIÓN 2021-2024 SIN NINGÚN DOCUMENTO | G64: RECIBIDO EN ENTREGA RECEPCIÓN | H64: N/A | I64: N/A | J64: 5. Recursos Federales | K64: 174762.09 | L64: 45524 | M64: 0 | N64: 0 | O64: 0 | P64: 0 | Q64: 0 | R64: =+K64-Q64 -> 174762.09
B65: POR ASIGNAR | C65: AIO LENOVO IDEACENTRE 3 24IAP7 F0GH01DTLD /CORE I5 1342DH 3.4GHZ/8GB DDR4 2X4GB /512 SSD/23.8FHD/TOUCH/COLOR NEGRO/WIN 11 HOME | D65: 1.2.4.1.3.5 | E65: ANDRÉS PÉREZ VÁZQUEZ | F65: C.F.D.I. No 15691 EMITIDO POR ROSPAR PAPELERÍA SUMINISTROS Y CONEXOS S.A. DE C.V. | G65: COMPRA | H65: N/A | I65: N/A | J65: 5. Recursos Federales | K65: 12992 | L65: 45688 | M65: 0 | N65: 0 | O65: 0 | P65: 0 | Q65: 0 | R65: =+K65-Q65 -> 12992
B66: POR ASIGNAR | C66: AIO LENOVO IDEACENTRE 3 24IAP7 F0GH01DTLD /CORE I5 1342DH 3.4GHZ/8GB DDR4 2X4GB /512 SSD/23.8FHD/TOUCH/COLOR NEGRO/WIN 11 HOME | D66: 1.2.4.1.3.6 | E66: ANDRÉS PÉREZ VÁZQUEZ | F66: C.F.D.I. No 15691 EMITIDO POR ROSPAR PAPELERÍA SUMINISTROS Y CONEXOS S.A. DE C.V. | G66: COMPRA | H66: N/A | I66: N/A | J66: 5. Recursos Federales | K66: 12992 | L66: 45688 | M66: 0 | N66: 0 | O66: 0 | P66: 0 | Q66: 0 | R66: =+K66-Q66 -> 12992
B67: POR ASIGNAR | C67: AIO LENOVO IDEACENTRE 3 24IAP7 F0GH01DTLD /CORE I5 1342DH 3.4GHZ/8GB DDR4 2X4GB /512 SSD/23.8FHD/TOUCH/COLOR NEGRO/WIN 11 HOME | D67: 1.2.4.1.3.7 | E67: ANDRÉS PÉREZ VÁZQUEZ | F67: C.F.D.I. No 15691 EMITIDO POR ROSPAR PAPELERÍA SUMINISTROS Y CONEXOS S.A. DE C.V. | G67: COMPRA | H67: N/A | I67: N/A | J67: 5. Recursos Federales | K67: 12992 | L67: 45688 | M67: 0 | N67: 0 | O67: 0 | P67: 0 | Q67: 0 | R67: =+K67-Q67 -> 12992
B68: POR ASIGNAR | C68: AIO LENOVO THINKCENTRE NEO 30A 24 GEN3 CORE I3 1215 U W11 PRO64 8GB 512GB SSD 1YW 0197532752962 12CE00BTLS | D68: 1.2.4.1.3.5 | E68: ANDRÉS PÉREZ VÁZQUEZ | F68: C.F.D.I. No 15691 EMITIDO POR ROSPAR PAPELERÍA SUMINISTROS Y CONEXOS S.A. DE C.V. | G68: COMPRA | H68: N/A | I68: N/A | J68: 5. Recursos Federales | K68: 17748 | L68: 45688 | M68: 0 | N68: 0 | O68: 0 | P68: 0 | Q68: 0 | R68: =+K68-Q68 -> 17748
B69: POR ASIGNAR | C69: MULTIFUNCIONAL BROTHER MFC-T920DW TINTA CONTI COLOR/WIFI/DUPLEX/LCD / 17-30 PPM NEGRO, 16-26 PPM COLOR" | D69: 1.2.4.1.3.5 | E69: ANDRÉS PÉREZ VÁZQUEZ | F69: C.F.D.I. No 15691 EMITIDO POR ROSPAR PAPELERÍA SUMINISTROS Y CONEXOS S.A. DE C.V. | G69: COMPRA | H69: N/A | I69: N/A | J69: 5. Recursos Federales | K69: 7076 | L69: 45688 | M69: 0 | N69: 0 | O69: 0 | P69: 0 | Q69: 0 | R69: =+K69-Q69 -> 7076
B70: SUBTOTAL DE EQUIPO DE COMPUTO Y TECNOLOGIAS DE LA INFORMACIÒN | K70: =SUM(K44:K69) -> 322472.51 | L70: 45838 | M70: =SUM(M44:M69) -> 0 | N70: =SUM(N44:N69) -> 0 | O70: =SUM(O44:O69) -> 0 | P70: =SUM(P44:P69) -> 0 | Q70: =SUM(Q44:Q69) -> 0 | R70: =SUM(R44:R69) -> 322472.51
B71: OTROS MOBILIARIOS Y EQUIPOS DE ADMINISTRACIÒN
B72: =+'INVENTARIO 24-27 '!B50 -> 0000057 5111-0000057 | C72: =+'INVENTARIO 24-27 '!F50 -> LIBRERO DE MADERA 3 REPISAS MADERA | D72: =+'INVENTARIO 24-27 '!D50 -> 1.2.4.1.9.1 | E72: =+'INVENTARIO 24-27 '!J50 -> RAFAEL GOMEZ DE LA CRUZ | F72: =+F30 -> RECIBIDO DE LA ADMINISTRACIÒN 2021-2024 SIN NINGUN DOCUMENTO | G72: RECIBIDO EN ENTREGA RECEPCION | H72: N/A | I72: N/A | J72: 5. Recursos Federales | K72: =+'INVENTARIO 24-27 '!N50 -> 11600 | L72: =+'INVENTARIO 24-27 '!M50 -> 08/02/2023 | M72: 0 | N72: 0 | O72: 0 | P72: 0 | Q72: 0 | R72: =+K72-Q72 -> 11600
B73: =+'INVENTARIO 24-27 '!B51 -> 0000058 5111-0000058 | C73: =+'INVENTARIO 24-27 '!F51 -> ESCALERA DE EXTENCION 20 PELDAÑOS GRIS TRUPER | D73: =+'INVENTARIO 24-27 '!D51 -> 1.2.4.1.9.1 | E73: =+'INVENTARIO 24-27 '!J51 -> LEOBARDO VAZQUEZ REYES | F73: =+F72 -> RECIBIDO DE LA ADMINISTRACIÒN 2021-2024 SIN NINGUN DOCUMENTO | G73: =+G72 -> RECIBIDO EN ENTREGA RECEPCION | H73: N/A | I73: N/A | J73: 5. Recursos Federales | K73: =+'INVENTARIO 24-27 '!N51 -> 5215 | L73: =+'INVENTARIO 24-27 '!M51 -> 09/06/2023 | M73: 0 | N73: 0 | O73: 0 | P73: 0 | Q73: 0 | R73: =+K73-Q73 -> 5215
B74: =+'INVENTARIO 24-27 '!B49 -> 0000055 5111-0000055 | C74: =+'INVENTARIO 24-27 '!F49 -> PROYECTOR EPSON XGA X06 N.S. V11H972021COLOR BLANCO | D74: =+'INVENTARIO 24-27 '!D49 -> 1.2.4.1.9.1 | E74: =+'INVENTARIO 24-27 '!J49 -> MTRA. BLANCA ESTELA JUAREZ BECERRA | F74: =+F73 -> RECIBIDO DE LA ADMINISTRACIÒN 2021-2024 SIN NINGUN DOCUMENTO | G74: RECIBIDO EN ENTREGA RECEPCION | H74: N/A | I74: N/A | J74: 5. Recursos Federales | K74: =+'INVENTARIO 24-27 '!N49 -> 14924.65 | L74: =+'INVENTARIO 24-27 '!M49 -> 04/07/2022 | M74: 0 | N74: 0 | O74: 0 | P74: 0 | Q74: 0 | R74: =+K74-Q74 -> 14924.65
B75: SUBTOTAL OTROS MOBILIARIOS Y EQUIPOS DE ADMINISTRACIÒN | K75: =SUM(K72:K74) -> 31739.65 | L75: 45838 | M75: =SUM(M16:M73) -> 0 | N75: =SUM(N16:N73) -> 0 | O75: =SUM(O16:O73) -> 0 | P75: =SUM(P16:P73) -> 0 | Q75: =SUM(Q16:Q73) -> 0 | R75: =SUM(R72:R74) -> 31739.65
B76: EQUIPOS Y APARATOS AUDIOVISUALES
B77: =+'INVENTARIO 24-27 '!B52 -> 0000028 5111-0000028 2019/EA/002 | C77: =+'INVENTARIO 24-27 '!F52 -> SISTEMA DE 2 MICROFONOS INNALAMBRICOS COLOR NEGRO | D77: =+'INVENTARIO 24-27 '!D52 -> 1.2.4.2.1.1 | E77: =+'INVENTARIO 24-27 '!J52 -> LEOBARDO VAZQUEZ REYES | F77: =+F94 -> RECIBIDO DE LA ADMINISTRACIÒN 2021-2024 SIN NINGUN DOCUMENTO | G77: =+G94 -> RECIBIDO EN ENTREGA RECEPCION | H77: N/A | I77: N/A | J77: 5. Recursos Federales | K77: 3817.4 | L77: =+'INVENTARIO 24-27 '!M52 -> 09/10/2019 | M77: 0 | N77: 0 | O77: 0 | P77: 0 | Q77: 0 | R77: =+K77-Q77 -> 3817.4
B78: 0000030 5111-0000030 2021/EA/001 | C78: MEZCLADORA DE 8 CANALES COLOR NEGRO | D78: =+'INVENTARIO 24-27 '!D53 -> 1.2.4.2.1.1 | E78: =+E77 -> LEOBARDO VAZQUEZ REYES | F78: =+F77 -> RECIBIDO DE LA ADMINISTRACIÒN 2021-2024 SIN NINGUN DOCUMENTO | G78: =+G77 -> RECIBIDO EN ENTREGA RECEPCION | H78: N/A | I78: N/A | J78: 5. Recursos Federales | K78: 4363.33 | L78: =+'INVENTARIO 24-27 '!M64 -> 14/10/2024 | M78: 0 | N78: 0 | O78: 0 | P78: 0 | Q78: 0 | R78: =+K78-Q78 -> 4363.33
B79: =+'INVENTARIO 24-27 '!B55 -> 0000047 5111-0000047 2019/EA/001 | C79: =+'INVENTARIO 24-27 '!F55 -> SISTEMA DE AUDIO TRIAMP BAFLE Y 2 BOCINAS COLOR NEGRO | D79: =+'INVENTARIO 24-27 '!D55 -> 1.2.4.2.1.1 | E79: LEOBARDO VAZQUEZ REYES | F79: RECIBIDO DE LA ADMINISTRACION 2021-2024 SIN NINGÚN DOCUMENTO | G79: RECBIDO EN ENTREGA RECEPCIÓN | H79: N/A | I79: N/A | J79: 5. Recursos Federales | K79: =+'INVENTARIO 24-27 '!N55 -> 41388.48 | L79: =+'INVENTARIO 24-27 '!M55 -> 23/04/2019 | M79: 0 | N79: 0 | O79: 0 | P79: 0 | Q79: 0 | R79: =+K79-Q79 -> 41388.48
B80: 0000071 5111-0000071 2018/EC/08 | C80: APARATO DE SONIDO ADQUIRIDO EN LA ADMINISTRACIÓN 2014-2018 | D80: =+'INVENTARIO 24-27 '!D56 -> 1.2.4.4.1.1 | E80: LEOBARDO VAZQUEZ REYES | F80: RECIBOD DE LA ADMINISTRACIÓN 2021-2024 SIN NINGÚN DOCUMENTO | G80: RECIBIDO EN ENTREGA RECEPCIÓN | H80: N/A | I80: N/A | J80: 5. Recursos Federales | K80: 17153.79 | L80: 41779 | M80: 0 | N80: 0 | O80: 0 | P80: 0 | Q80: 0 | R80: =+K80-Q80 -> 17153.79
B81: SUBTOTAL DE EQUIPOS Y APARATOS AUDIOVISUALES | K81: =SUM(K77:K80) -> 66723 | L81: 45807 | M81: =SUM(M77:M80) -> 0 | N81: =SUM(N77:N80) -> 0 | O81: =SUM(O77:O80) -> 0 | P81: =SUM(P77:P80) -> 0 | Q81: =SUM(Q77:Q80) -> 0 | R81: =SUM(R77:R80) -> 66723
B82: AUTOMOVILES Y EQUIPO DE TRANSPORTE
B83: =+'INVENTARIO 24-27 '!B56 -> 0000031 5111-0000031 2018/ET/001 | C83: =+'INVENTARIO 24-27 '!F56 -> CAMIONETA PIKUP COLOR ARENA TOYOTA 2012 | D83: =+'INVENTARIO 24-27 '!D56 -> 1.2.4.4.1.1 | E83: =+E24 -> ANDRES PEREZ VAZQUEZ | F83: =+F16 -> RECIBIDO DE LA ADMINISTRACIÒN 2021-2024 SIN NINGUN DOCUMENTO | G83: RECIBIDO EN ENTREGA RECEPCION | H83: N/A | I83: N/A | J83: 5. Recursos Federales | K83: =+'INVENTARIO 24-27 '!N56 -> -258700.01 | L83: =+'INVENTARIO 24-27 '!M56 -> 14/10/2024 | M83: 0 | N83: 0 | O83: =+N83 -> 0 | P83: 0 | Q83: =+P83 -> 0 | R83: =K83 -> -258700.01
B84: =+'INVENTARIO 24-27 '!B57 -> 0000032 5111-0000032 2018/ET/002 | C84: =+'INVENTARIO 24-27 '!F57 -> CAMIONETA NISSAN DOBLE CABINA COLOR BLANCO | D84: =+'INVENTARIO 24-27 '!D57 -> 1.2.4.4.1.1 | E84: =+'INVENTARIO 24-27 '!J57 -> RAFAEL GOMEZ DE LA CRUZ | F84: =+F83 -> RECIBIDO DE LA ADMINISTRACIÒN 2021-2024 SIN NINGUN DOCUMENTO | G84: =+G83 -> RECIBIDO EN ENTREGA RECEPCION | H84: N/A | I84: N/A | J84: 5. Recursos Federales | K84: =+'INVENTARIO 24-27 '!N57 -> 100000 | L84: =+'INVENTARIO 24-27 '!M57 -> 14/10/2024 | M84: 0 | N84: 0 | O84: =+N84 -> 0 | P84: 0 | Q84: =+P84 -> 0 | R84: =K84 -> 100000
B85: =+'INVENTARIO 24-27 '!B58 -> 0000048 5111-0000048 2019/ET/003 | C85: =+'INVENTARIO 24-27 '!F58 -> CAMIONETA TOYOTA HILUX 2019 NO MOTOR 2TRA515344 COLOR BLANCO | D85: =+'INVENTARIO 24-27 '!D58 -> 1.2.4.4.1.1 | E85: =+'INVENTARIO 24-27 '!J58 -> DAMIAN VELEZ CRUZ | F85: =+'INVENTARIO 24-27 '!I58 -> RECIBIDO DE LA ADMINISTRACIÒN 2021-2024 C.F.D.I. L 14499, LIDERAZGO AUTOMOTRIZ DE PUEBLA SA DE CV | G85: RECIBIDO EN ENTREGA RECEPCION | H85: N/A | I85: N/A | J85: 5. Recursos Federales | K85: =+'INVENTARIO 24-27 '!N58 -> 175500 | L85: =+'INVENTARIO 24-27 '!M58 -> 11/01/2019 | M85: 0 | N85: 0 | O85: =+N85 -> 0 | P85: 0 | Q85: =+P85 -> 0 | R85: =K85 -> 175500
B86: 0000030 5111-0000030 2015/ET/002 | C86: CAMIONETA FRONTIER NISSAN GRIS | D86: 1.2.4.4.1.1 | E86: ANDRÉS PÉREZ VÁZQUEZ | F86: RECIBIDO DE LA ADMINISTRACIÓN 2021-2024 SIN NINGÚN DOCUMENTO | G86: RECIBIDO EN ENTREGA RECEPCIÓN | H86: N/A | I86: N/A | J86: 5. Recursos Federales | K86: 586400.01 | L86: 45626 | M86: 0 | N86: 0 | O86: =+N86 -> 0 | P86: 0 | Q86: =+P86 -> 0 | R86: =K86 -> 586400.01
B87: 0000067 5411-0000067 | C87: DOS MOTOCICLETAS PATRULLA 3N6AD33B8RK856834 | D87: 1.2.4.4.1.1 | E87: SILVERIO GARRIDO DOMÍNGUEZ | F87: COMPRA FACTURA 1779 COMERCIALIZADORA Y DISTRIBUIDORA B TACTICAL 911 | G87: COMPRA | H87: N/A | I87: N/A | J87: 5. Recursos Federales | K87: 292199.63 | L87: 45651 | M87: 0 | N87: 0 | O87: =+N87 -> 0 | P87: 0 | Q87: =+P87 -> 0 | R87: =K87 -> 292199.63
B88: =+'INVENTARIO 24-27 '!B71 -> 2024/ET/001 | C88: =+'INVENTARIO 24-27 '!F71 -> CAMIONETA FRONTIER PRO-4X 2.5L MARCA NISSAN MODELO 2024 | D88: =+D85 -> 1.2.4.4.1.1 | E88: =+'INVENTARIO 24-27 '!J71 -> CARLOS ALBERTO ROMO GAONA | F88: =+'INVENTARIO 24-27 '!I71 -> COMPRA FACTURA ANC 1332 CARGURU | G88: COMPRA | H88: N/A | I88: N/A | J88: 5. Recursos Federales | K88: =+'INVENTARIO 24-27 '!N71 -> 778900 | L88: =+'INVENTARIO 24-27 '!M71 -> 30/11/2024 | M88: 0 | N88: 0 | O88: 0 | P88: 0 | Q88: 0 | R88: =K88 -> 778900
B89: SUBTOTAL AUTOMOVILES Y EQUIPO DE TRANSPORTE | K89: =SUM(K83:K88) -> 1674299.6 | L89: 45838 | M89: =SUM(M83:M88) -> 0 | N89: =SUM(N83:N88) -> 0 | O89: =SUM(O83:O88) -> 0 | P89: =SUM(P83:P88) -> 0 | Q89: =SUM(Q83:Q88) -> 0 | R89: =SUM(R83:R88) -> 1674299.6
B90: OTROS EQUIPOS DE TRANSPORTE
B91: =+'INVENTARIO 24-27 '!B59 -> 0000056 5111-0000056 | C91: =+'INVENTARIO 24-27 '!F59 -> VEHICULO DE REACCION TACTICA DE EMERGENCIA PLACAS AM-132-RV COLOR BLANCA | D91: =+'INVENTARIO 24-27 '!D59 -> 1.2.4.4.9.1 | E91: =+'INVENTARIO 24-27 '!J59 -> BRENDA KARINA LOBATO NOLASCO | F91: =+F83 -> RECIBIDO DE LA ADMINISTRACIÒN 2021-2024 SIN NINGUN DOCUMENTO | G91: RECIBIDO EN ENTREGA RECEPCION | H91: NA | I91: NA | J91: 5. Recursos Federales | K91: =+'INVENTARIO 24-27 '!N59 -> 1423720.5 | L91: =+'INVENTARIO 24-27 '!M59 -> 29/09/2022 | M91: 0 | N91: 0 | O91: =+N91 -> 0 | P91: 0 | Q91: =+P91 -> 0 | R91: =K91 -> 1423720.5
B92: SUBTOTAL DE OTROS EQUIPOS DE TRANSPORTE | K92: =SUM(K91:K91) -> 1423720.5 | L92: 45838 | M92: =SUM(M83:M91) -> 0 | N92: =SUM(N83:N91) -> 0 | O92: =SUM(O83:O91) -> 0 | P92: =SUM(P83:P91) -> 0 | Q92: =SUM(Q83:Q91) -> 0 | R92: =SUM(R91) -> 1423720.5
B93: EQUIPO DE DEFENSA Y SEGURIDAD
B94: =+'INVENTARIO 24-27 '!B60 -> 0000065 5111-0000065 | C94: =+'INVENTARIO 24-27 '!F60 -> SISTEMA DE VIDEO VIGILANCIA C2 | D94: =+'INVENTARIO 24-27 '!D60 -> 1.2.4.5.1 | E94: =+E104 -> RAFAEL GOMEZ DE LA CRUZ | F94: =+F104 -> RECIBIDO DE LA ADMINISTRACIÒN 2021-2024 SIN NINGUN DOCUMENTO | G94: =+G104 -> RECIBIDO EN ENTREGA RECEPCION | H94: N/A | I94: N/A | J94: 5. Recursos Federales | K94: =+'INVENTARIO 24-27 '!N60 -> 785950 | L94: =+'INVENTARIO 24-27 '!M60 -> 05/09/2024 | M94: 0 | N94: 0 | O94: 0 | P94: 0 | Q94: 0 | R94: =+K94-Q94 -> 785950
B95: SUBTOTAL DE EQUIPO DE DEFENSA Y SEGURIDAD | K95: =SUM(K94) -> 785950 | L95: 45838 | M95: =SUM(M94) -> 0 | N95: =SUM(N94) -> 0 | O95: =SUM(O94) -> 0 | P95: =SUM(P94) -> 0 | Q95: =SUM(Q94) -> 0 | R95: =SUM(R94) -> 785950
B96: MAQUINARIA Y EQUIPO INDUSTRIAL
B97: =+'INVENTARIO 24-27 '!B69 -> 0000039 5111-0000039 2019/EH/001 | C97: BOMBA NARANJA COLOR TRUPER | D97: 1.2.4.6.2.1 | E97: =+'INVENTARIO 24-27 '!J70 -> LEOBARDO VAZQUEZ REYES | F97: =+F98 -> RECIBIDO DE LA ADMINISTRACIÒN 2021-2024 SIN NINGUN DOCUMENTO | G97: =+G115 -> RECIBIDO EN ENTREGA RECEPCION | H97: N/A | I97: N/A | J97: 5. Recursos Federales | K97: 1 | L97: =+'INVENTARIO 24-27 '!M69 -> 12/10/2019 | M97: 0 | N97: 0 | O97: 0 | P97: 0 | Q97: 0 | R97: =+K97-Q97 -> 1
B98: =+'INVENTARIO 24-27 '!B70 -> 0000059 5111-0000059 | C98: COLOR NARANJA ALTURA MÁXIMA 35 M ADQUIRIDO EN LA ADMINISTRACIÓN 2014-2018 | D98: 1.2.4.6.2.1 | E98: =+'INVENTARIO 24-27 '!J70 -> LEOBARDO VAZQUEZ REYES | F98: =+'INVENTARIO 24-27 '!I70 -> RECIBIDO DE LA ADMINISTRACIÒN 2021-2024 SIN NINGUN DOCUMENTO | G98: RECIBIDO EN ENTREGA RECEPCION | H98: N/A | I98: N/A | J98: 5. Recursos Federales | K98: 3856.5 | L98: =+'INVENTARIO 24-27 '!M70 -> 20/06/2023 | M98: 0 | N98: 0 | O98: 0 | P98: 0 | Q98: 0 | R98: =+K98-Q98 -> 3856.5
B99: SUBTOTAL DE MAQUINIARIA Y EQUIPO INDUSTRIAL | K99: =SUM(K97:K98) -> 3857.5 | L99: 45838 | M99: =SUM(M98) -> 0 | N99: =SUM(N98) -> 0 | O99: =SUM(O98) -> 0 | P99: =SUM(P98) -> 0 | Q99: =SUM(Q98) -> 0 | R99: =SUM(R97:R98) -> 3857.5
B100: EQUIPO DE COMUNICACIÓN Y TELECOMUNICACION
B101: =+'INVENTARIO 24-27 '!B62 -> 0000034 5111-0000034 2018/ECT/001 | C101: =+'INVENTARIO 24-27 '!F62 -> RADIO MOVIL KENWOOD 16 CANALES | D101: =+'INVENTARIO 24-27 '!D62 -> 1.2.4.6.5.1 | E101: =+'INVENTARIO 24-27 '!J62 -> RAFAEL GOMEZ DE LA CRUZ | F101: =+F63 -> RECIBIDO DE LA ADMINISTRACIÒN 2021-2024 SIN NINGUN DOCUMENTO | G101: =+G63 -> RECIBIDO EN ENTREGA RECEPCION | H101: =+H63 -> N/A | I101: =+I63 -> N/A | J101: 5. Recursos Federales | K101: 1 | L101: 14/10/2024 | M101: 0 | N101: 0 | O101: 0 | P101: 0 | Q101: 0 | R101: =+K101-Q101 -> 1
B102: =+'INVENTARIO 24-27 '!B63 -> 0000035 5111-0000035 2018/ECT/002 | C102: =+'INVENTARIO 24-27 '!F63 -> RADIO PORTATIL COLOR NEGRO | D102: =+'INVENTARIO 24-27 '!D63 -> 1.2.4.6.5.1 | E102: =+'INVENTARIO 24-27 '!J63 -> RAFAEL GOMEZ DE LA CRUZ | F102: =+F101 -> RECIBIDO DE LA ADMINISTRACIÒN 2021-2024 SIN NINGUN DOCUMENTO | G102: =+G101 -> RECIBIDO EN ENTREGA RECEPCION | H102: N/A | I102: N/A | J102: 5. Recursos Federales | K102: 1 | L102: 14/10/2024 | M102: 0 | N102: 0 | O102: 0 | P102: 0 | Q102: 0 | R102: =+K102-Q102 -> 1
B103: =+'INVENTARIO 24-27 '!B64 -> 0000036 5111-0000036 2018/ECT/003 | C103: =+'INVENTARIO 24-27 '!F64 -> RADIO PORTATIL COLOR NEGRO | D103: =+'INVENTARIO 24-27 '!D64 -> 1.2.4.6.5.1 | E103: =+'INVENTARIO 24-27 '!J64 -> RAFAEL GOMEZ DE LA CRUZ | F103: =+F102 -> RECIBIDO DE LA ADMINISTRACIÒN 2021-2024 SIN NINGUN DOCUMENTO | G103: =+G102 -> RECIBIDO EN ENTREGA RECEPCION | H103: N/A | I103: N/A | J103: 5. Recursos Federales | K103: 1 | L103: 14/10/2024 | M103: 0 | N103: 0 | O103: 0 | P103: 0 | Q103: 0 | R103: =+K103-Q103 -> 1
B104: =+'INVENTARIO 24-27 '!B67 -> 0000063 5111-0000063 | C104: =+'INVENTARIO 24-27 '!F67 -> 6 RADIOS MAECA KENWOOD COLOR NEGRO | D104: =+'INVENTARIO 24-27 '!D67 -> 1.2.4.6.5.1 | E104: =+'INVENTARIO 24-27 '!J67 -> RAFAEL GOMEZ DE LA CRUZ | F104: =+F103 -> RECIBIDO DE LA ADMINISTRACIÒN 2021-2024 SIN NINGUN DOCUMENTO | G104: =+G103 -> RECIBIDO EN ENTREGA RECEPCION | H104: N/A | I104: N/A | J104: 5. Recursos Federales | K104: =+'INVENTARIO 24-27 '!N67 -> 20880 | L104: =+'INVENTARIO 24-27 '!M67 -> 23/11/2023 | M104: 0 | N104: 0 | O104: 0 | P104: 0 | Q104: 0 | R104: =+K104-Q104 -> 20880
B105: =+'INVENTARIO 24-27 '!B65 -> 0000037 5111-0000037 2021/ECT/001 | C105: =+'INVENTARIO 24-27 '!F65 -> ALTAVOCES COLOR GRIS | D105: =+'INVENTARIO 24-27 '!D65 -> 1.2.4.6.5.1 | E105: =+'INVENTARIO 24-27 '!J65 -> ANDRES PEREZ VAZQUEZ | F105: =+'INVENTARIO 24-27 '!I65 -> RECIBIDO DE LA ADMINISTRACIÒN 2021-2024 SIN NINGUN DOCUMENTO | G105: RECIBIDO EN ENTREGA RECEPCION | H105: N/A | I105: N/A | J105: 5. Recursos Federales | K105: =+'INVENTARIO 24-27 '!N65 -> 3525.43 | L105: 14/10/2024 | M105: 0 | N105: 0 | O105: 0 | P105: 0 | Q105: 0 | R105: =+K105-Q105 -> 3525.43
B106: 0000049 5651-0000049 | C106: 2020 DE EQUIPO DE COMUNICACIÓN Y TELECOMUNICACIÓN | D106: 1.2.4.6.5.1 | E106: ANDRÉS PÉREZ VÁZQUEZ | F106: RECIBIDO DE LA ADMINISTRACIÓN 2021-2024 SIN NINGÚN DOCUMENTO | G106: RECIBIDO EN ENTREGA RECEPCION | H106: N/A | I106: N/A | J106: 5. Recursos Federales | K106: 42958.49 | L106: 45579 | M106: 0 | N106: 0 | O106: 0 | P106: 0 | Q106: 0 | R106: =+K106-Q106 -> 42958.49
B107: 0000049 5651-0000049 | C107: ANTENA RADIO MÓVIL ADAPTABLE 16 CANALES SL | D107: 1.2.4.6.5.1 | E107: ANDRÉS PÉREZ VÁZQUEZ | F107: RECIBIDO DE LA ADMINISTRACIÓN 2021-2024 SIN NINGÚN DOCUMENTO | G107: RECIBIDO EN ENTREGA RECEPCION | H107: N/A | I107: N/A | J107: 5. Recursos Federales | K107: 25605.57 | L107: 45579 | M107: 0 | N107: 0 | O107: 0 | P107: 0 | Q107: 0 | R107: =+K107-Q107 -> 25605.57
B108: SUBTOTAL DE QUIPO DE COMUNICACIÓN Y TELECOMUNICACION | K108: =SUM(K101:K107) -> 92972.49 | L108: 45838 | M108: =SUM(M101:M107) -> 0 | N108: =SUM(N101:N107) -> 0 | O108: =SUM(O101:O107) -> 0 | P108: =SUM(P101:P107) -> 0 | Q108: =SUM(Q101:Q107) -> 0 | R108: =SUM(R101:R107) -> 92972.49
B109: HERRAMIENTAS Y MÁQUINAS
...

Sheet ANEXO 2
D4: CLAVE: | F4: 24-03
D6: ENTIDAD FISCALIZADA: | F6: MUNICIPIO DE AMIXTLÁN PUEBLA.
D8: INVENTARIO DE BIENES INMUEBLES AL TREINTA Y UNO DE DICIEMBRE DEL DOS MIL VEINTICINCO
B12: BIENES INMUEBLES
B13: Número de inventario (Código) | C13: Descripción | D13: Subcuenta | E13: Documento que acredita la Propiedad (escritura pública) | F13: Fecha de Adquisición | G13: Motivo de alta | H13: Motivo de baja | I13: Documento que acredita la baja | J13: Fuente de financiamiento | K13: Importe | L13: % Depreciación Bien Inmueble | M13: % Depreciación del ejercicio | N13: % Depreciación Acumulada al final del ejercicio | O13: Monto Depreciación del ejercicio | P13: Monto Depreciación Acumulada al final del ejercicio | Q13: Valor Neto en libros al 31 de diciembre de 2017
K15: A | L15: B | M15: C | N15: D = C | O15: E | P15: F = E | Q15: G= A - F
B16: TERRENOS
B17: 0000001 01010000-0000001 | C17: TERRENO MANANTIAL DE AGUA | D17: 1231-02 | E17: RECIBIDO DE LA ADMINISTRACIÓN 2021-2024 SIN NINGÚN DOCUMENTO | F17: 45831 | G17: RECIBIDO EN ENTREGA RECEPCIÓN | H17: NA | I17: NA | J17: 5. Recursos Federales | K17: 25000 | L17: 0 | M17: 0 | N17: =+M17 -> 0 | O17: 0 | P17: =+O17 -> 0 | Q17: =+K17-P17 -> 25000
B18: 0000002 01010000-0000002 | C18: TERRENO PARA JARDÍN DE NIÑOS TOMÁS MEJÍA | D18: 1231-01 | E18: RECIBIDO DE LA ADMINISTRACIÓN 2021-2024 SIN NINGÚN DOCUMENTO | F18: 41999 | G18: RECIBIDO EN ENTREGA RECEPCIÓN | H18: NA | I18: NA | J18: 5. Recursos Federales | K18: 15001 | L18: 0 | M18: 0 | N18: =+M18 -> 0 | O18: 0 | P18: =+O18 -> 0 | Q18: =+K18-P18 -> 15001
B19: 0000003 01010000-0000003 | C19: TERRENO PARA JUZGADO DE CACOCHÓN | D19: 1231-01 | E19: RECIBIDO DE LA ADMINISTRACIÓN 2021-2024 SIN NINGÚN DOCUMENTO | F19: 39263 | G19: RECIBIDO EN ENTREGA RECEPCIÓN | H19: NA | I19: NA | J19: 5. Recursos Federales | K19: 15000 | L19: 0 | M19: 0 | N19: =+M19 -> 0 | O19: 0 | P19: =+O19 -> 0 | Q19: =+K19-P19 -> 15000
B20: 0000006-01010000-0000006 | C20: PREDIO PARA EL BANCO DE BIENESTAR | D20: 1231-01 | E20: RECIBIDO DE LA ADMINISTRACIÓN 2021-2024 SIN NINGÚN DOCUMENTO | F20: 45580 | G20: RECIBIDO EN ENTREGA RECEPCIÓN | H20: NA | I20: NA | J20: 5. Recursos Federales | K20: 380000 | L20: 0 | M20: 0 | N20: =+M20 -> 0 | O20: 0 | P20: =+O20 -> 0 | Q20: =+K20-P20 -> 380000
J21: SUBTOTAL TERRENOS: | K21: =SUM(K17:K20) -> 435001 | L21: =SUM(L17:L20) -> 0 | M21: =SUM(M17:M20) -> 0 | N21: =SUM(N17:N20) -> 0 | O21: =SUM(O17:O20) -> 0 | P21: =SUM(P17:P20) -> 0 | Q21: =SUM(Q17:Q20) -> 435001
B23: EDIFICIOS NO HABITACIONALES
B24: 0000004 03020110-0000004 | C24: PRESIDENCIA MUNICIPAL | D24: 1231-01 | E24: RECIBIDO DE LA ADMINISTRACIÓN 2021-2024 SIN NINGÚN DOCUMENTO | F24: 31048 | G24: RECIBIDO EN ENTREGA RECEPCIÓN | H24: NA | I24: NA | J24: 5. Recursos Federales | K24: 3000000 | L24: 0 | M24: 0 | N24: =+M24 -> 0 | O24: 0 | P24: =+O24 -> 0 | Q24: =+K24-P24 -> 3000000
B25: 0000005 03020108-0000005 | C25: MERCADO MUNICIPAL | D25: 1231-01 | E25: RECIBIDO DE LA ADMINISTRACIÓN 2021-2024 SIN NINGÚN DOCUMENTO | F25: 31048 | G25: RECIBIDO EN ENTREGA RECEPCIÓN | H25: NA | I25: NA | J25: 5. Recursos Federales | K25: 2836000 | L25: 0 | M25: 0 | N25: =+M25 -> 0 | O25: 0 | P25: =+O25 -> 0 | Q25: =+K25-P25 -> 2836000
J26: SUBTOTAL EDIFICIOS NO HABITACIONALES: | K26: =SUM(K23:K25) -> 5836000 | L26: 0 | M26: 0 | N26: =+M26 -> 0 | O26: 0 | P26: =+O26 -> 0 | Q26: =+K26-P26 -> 5836000
J27: TOTAL BIENES INMUEBLES | K27: =+K21+K26 -> 6271001 | L27: =+L21+L26 -> 0 | M27: =+M21+M26 -> 0 | N27: =+N21+N26 -> 0 | O27: =+O21+O26 -> 0 | P27: =+P21+P26 -> 0 | Q27: =+Q21+Q26 -> 6271001
B30: BAJO PROTESTA DE DECIR VERDAD DECLARAMOS QUE LOS DATOS ANOTADOS EN EL FORMATO, SON CORRECTOS Y SON RESPONSABILIDAD DEL EMISOR.
